 Dungeon Crawl Stone Soup version 0.32-a0-938-g40ac7a0 (webtiles) character file.

Game seed: 3883009596066144516

16189135 ExiledSoul the Axe Maniac (level 27, 273/273 HPs)
             Began as a Minotaur Berserker on Apr 20, 2024.
             Was the Champion of the Shining One.
             Escaped with the Orb
             ... and 15 runes!
             The game lasted 03:10:24 (96837 turns).

ExiledSoul the Axe Maniac (Minotaur Berserker)     Turns: 96837, Time: 03:10:24

Health: 273/273    AC: 50    Str: 42    XL:     27
Magic:  48/48      EV: 28    Int:  4    God:    the Shining One [******]
Gold:   10226      SH: 30    Dex: 24    Spells: 63/70 levels left

rFire   + + .        b - +9 broad axe (holy)
rCold   + + .        W - +3 tower shield
rNeg    + + +        t - +12 gold dragon scales
rPois   +            (helmet restricted)
rElec   +            h - +2 cloak {rCorr}
rCorr   +            S - +0 pair of gloves of Cocytus {Str+8 Stlth+}
SInv    .            B - +3 pair of seven-league boots {Rampage+∞}
Will    ++...        n - amulet of Qieneux {Acrobat +Blink Regen+ Dex+3} Stlth
                     G - ring of the Original Sin {rElec rF+ Dex+3}
HPRegen 1.45/turn    F - ring "Onwetz" {rC+ rN+ Dex+6}
MPRegen 0.31/turn

%: acrobat, rampage+∞
@: glowing, studying 6 skills
A: horns 2, retaliatory headbutt, poison resistance, wild magic 1
0: Orb of Zot
}: 15/15 runes: decaying, serpentine, slimy, silver, golden, iron, obsidian,
icy, bone, abyssal, demonic, glowing, magical, fiery, dark
a: Renounce Religion, Evoke Blink, Divine Shield, Cleansing Flame, Summon Divine
Warrior


You escaped.
You worshipped the Shining One.
The Shining One was exalted by your worship.
You visited 18 branches of the dungeon, and saw 88 of its levels.
You visited Pandemonium 5 times, and saw 19 of its levels.
You visited the Abyss 3 times.
You also visited: Trove, Ice Cave, Volcano and Desolation.

You collected 20573 gold pieces.
You spent 10347 gold pieces at shops.

Inventory:

Hand Weapons
 a - a +9 antimagic broad axe
 b - a +9 broad axe of holy wrath (weapon)
Armour
 c - the +2 robe of Atheism {Harm}
   (You took it off Boris on level 4 of the Depths)

   Harm:      It increases damage dealt and taken.
 d - the +4 robe of the Baleful Wumpus {rPois rF+}
   (You took it off Boris on level 6 of the Dungeon)

   rF+:       It protects you from fire.
   rPois:     It protects you from poison.
 h - a +2 cloak of preservation (worn)
 t - +12 gold dragon scales (worn)
 B - the +3 pair of seven-league boots (worn) {Rampage+∞}
   (You found it on level 7 of Tartarus)

   Rampage+∞: When moving toward enemies, its wearer moves as far as possible,
   alerting their target en route.
 S - the +0 pair of gloves of Cocytus (worn) {Str+8 Stlth+}
   (You found it on level 3 of the Crypt)

   Str+8:     It affects your strength (+8).
   Stlth+:    It makes you more stealthy.
 W - a +3 tower shield (worn)
Jewellery
 n - the amulet of Qieneux (around neck) {Acrobat +Blink Regen+ Dex+3}
   (You found it on level 7 of Cocytus)

   [amulet of the acrobat]

   Acrobat:   It increases your evasion while moving and waiting.
   Dex+3:     It affects your dexterity (+3).
   +Blink:    It lets you blink.
   Regen+:    It increases your rate of health regeneration.
 F - the ring "Onwetz" (right hand) {rC+ rN+ Dex+6}
   (You took it off a tengu reaver on level 5 of the Vaults)

   [ring of positive energy]

   Dex+6:     It affects your dexterity (+6).
   rC+:       It protects you from cold.
   rN+:       It protects you from negative energy.
 G - the ring of the Original Sin (left hand) {rElec rF+ Dex+3}
   (You found it on level 3 of the Tomb of the Ancients)

   [ring of protection from fire]

   Dex+3:     It affects your dexterity (+3).
   rF+:       It protects you from fire.
   rElec:     It insulates you from electricity.
Wands
 i - a wand of digging (17)
 s - a wand of warping (41)
 I - a wand of acid (90) (quivered)
Scrolls
 f - 8 scrolls of blinking
 o - 15 scrolls of fear
 p - 13 scrolls of revelation
 v - 11 scrolls of teleportation
 J - 2 scrolls of immolation
 L - 9 scrolls of fog
Potions
 e - 7 potions of cancellation
 g - a potion of attraction
 k - 2 potions of lignification
 m - 9 potions of resistance
 q - 11 potions of haste
 u - 4 potions of ambrosia
 z - 6 potions of heal wounds
 A - 8 potions of magic
 C - 24 potions of curing
 H - 12 potions of brilliance
 N - 4 potions of mutation
 O - 6 potions of berserk rage
 P - 8 potions of enlightenment
 R - 10 potions of might
Miscellaneous
 j - a Gell's gravitambourine (2/2)
 y - a lightning rod (4/4)
 K - a phantom mirror
 M - a figurine of a ziggurat
 T - a condenser vane
 Y - a box of beasts


   Skills:
 O Level 27 Fighting
 O Level 27 Axes
 O Level 27 Armour
 O Level 27 Dodging
 O Level 27 Shields
 + Level 22.3 Spellcasting
 O Level 27 Invocations
 O Level 27 Evocations


You had 63 spell levels left.
You knew the following spells:

 Your Spells              Type           Power      Damage    Failure   Level
a - Silence               Hex/Air        2%         N/A       99%         5
b - Blink                 Tloc           10%        N/A       36%         2

Your spell library contained the following spells:

 Spells                   Type           Power      Damage    Failure   Level
 Apportation              Tloc           10%        N/A       26%         1
 Foxfire                  Conj/Fire      20%        2x1d5     26%         1
 Freeze                   Ice            20%        1d4       26%         1
 Kiss of Death            Conj/Necr      20%        2d7       26%         1
 Magic Dart               Conj           20%        1d4       26%         1
 Necrotise                Necr           20%        1d5       26%         1
 Sandblast                Erth           10%        2d5       26%         1
 Shock                    Conj/Air       20%        1d4       26%         1
 Slow                     Hex            20%        N/A       26%         1
 Summon Small Mammal      Summ           20%        N/A       26%         1
 Call Imp                 Summ           10%        N/A       36%         2
 Cigotuvi's Dreadful Rot  Necr/Alch/Air  10%        N/A       36%         2
 Ensorcelled Hibernation  Hex/Ice        10%        N/A       36%         2
 Jinxbite                 Hex            10%        N/A       36%         2
 Lesser Beckoning         Tloc           10%        N/A       36%         2
 Mercury Vapours          Alch/Air       10%        N/A       36%         2
 Momentum Strike          Conj/Tloc      10%        3d8       36%         2
 Scorch                   Fire           10%        2d5       36%         2
 Searing Ray              Conj           10%        2d4       36%         2
 Static Discharge         Conj/Air       10%        3-4/arc   36%         2
 Call Canine Familiar     Summ           5%         N/A       58%         3
 Confusing Touch          Hex            5%         N/A       58%         3
 Dazzling Flash           Conj/Hex       10%        N/A       58%         3
 Frozen Ramparts          Ice            10%        1d2       58%         3
 Fugue of the Fallen      Necr           5%         N/A       58%         3
 Hailstorm                Conj/Ice       5%         3d5       58%         3
 Inner Flame              Hex/Fire       5%         N/A       58%         3
 Maxwell's Portable Pile  Tloc           5%         2d(5-15)  58%         3
 Mephitic Cloud           Conj/Alch/Air  5%         N/A       58%         3
 Ozocubu's Armour         Ice            5%         N/A       58%         3
 Passwall                 Erth           5%         N/A       58%         3
 Sigil of Binding         Hex            5%         N/A       58%         3
 Stone Arrow              Conj/Erth      10%        3d7       58%         3
 Summon Ice Beast         Ice/Summ       5%         N/A       58%         3
 Swiftness                Air            5%         N/A       58%         3
 Teleport Other           Tloc           5%         N/A       58%         3
 Vampiric Draining        Necr           5%         2d6       58%         3
 Volatile Blastmotes      Fire/Tloc      10%        2d10      58%         3
 Airstrike                Air            2%         2d(1-17)  92%         4
 Anguish                  Hex/Necr       2%         N/A       92%         4
 Animate Armour           Summ/Erth      10%        N/A       92%         4
 Animate Dead             Necr           5%         N/A       92%         4
 Brom's Barrelling Bould  Conj/Erth      5%         2d3       92%         4
 Cause Fear               Hex            2%         N/A       92%         4
 Dimensional Bullseye     Hex/Tloc       2%         N/A       92%         4
 Dispel Undead            Necr           5%         3d7       92%         4
 Flame Wave               Conj/Fire      5%         2d5       92%         4
 Fulminant Prism          Conj/Alch      2%         3d5       92%         4
 Ignite Poison            Fire/Alch      5%         N/A       92%         4
 Iskenderun's Mystic Bla Conj/Tloc 5%             2d3        (+2d1     92%         4
 Leda's Liquefaction      Alch/Erth      2%         N/A       92%         4
 Martyr's Knell           Necr/Summ      5%         N/A       92%         4
 Olgreb's Toxic Radiance  Alch           5%         N/A       92%         4
 Passage of Golubria      Tloc           5%         N/A       92%         4
 Petrify                  Alch/Erth      5%         N/A       92%         4
 Sticky Flame             Fire/Alch      5%         2d4       92%         4
 Summon Blazeheart Golem  Fire/Summ      5%         N/A       92%         4
 Summon Lightning Spire   Summ/Air       5%         N/A       92%         4
 Vhi's Electric Charge    Tloc/Air       10%        N/A       92%         4
 Alistair's Intoxication  Alch           3%         N/A       99%         5
 Arcjolt                  Conj/Air       2%         1d12      99%         5
 Borgnjor's Vile Clutch   Necr/Erth      2%         N/A       99%         5
 Curse of Agony           Necr           5%         N/A       99%         5
 Fireball                 Conj/Fire      2%         3d4       99%         5
 Freezing Cloud           Conj/Ice/Air   2%         6-21      99%         5
 Irradiate                Conj/Alch      2%         3d12      99%         5
 Iskenderun's Battlesphe  Conj           5%         2d6       99%         5
 Lee's Rapid Deconstruct  Erth           2%         3d5*      99%         5
 Metabolic Englaciation   Hex/Ice        2%         N/A       99%         5
 Summon Forest            Summ/Tloc      2%         N/A       99%         5
 Summon Mana Viper        Hex/Summ       5%         N/A       99%         5
 Yara's Violent Unravell  Hex/Alch       2%         3d3       99%         5
 Bombard                  Conj/Erth      2%         9d1       100%        6
 Conjure Ball Lightning   Conj/Air       2%         3x3d6     100%        6
 Death Channel            Necr           2%         N/A       100%        6
 Dispersal                Tloc           2%         N/A       100%        6
 Gell's Gavotte           Tloc           2%         2d(12-18) 100%        6
 Permafrost Eruption      Ice/Erth       2%         2x4d2     100%        6
 Plasma Beam              Fire/Air       2%         2x1d12    100%        6
 Sculpt Simulacrum        Ice/Alch       2%         N/A       100%        6
 Starburst                Conj/Fire      2%         6d3       100%        6
 Summon Cactus Giant      Summ           2%         N/A       100%        6
 Enfeeble                 Hex            2%         N/A       100%        7
 Manifold Assault         Tloc           2%         N/A       100%        7
 Monstrous Menagerie      Summ           2%         N/A       100%        7
 Orb of Destruction       Conj           2%         9d5       100%        7
 Ozocubu's Refrigeration  Ice            2%         4d8       100%        7
 Spellforged Servitor     Conj/Summ      2%         N/A       100%        7
 Discord                  Hex            2%         N/A       100%        8
 Disjunction              Tloc           2%         N/A       100%        8
 Ignition                 Fire           2%         3d3       100%        8
 Lehudib's Crystal Spear  Conj/Erth      2%         10d2      100%        8
 Maxwell's Capacitive Co  Air            2%         ∞         100%        8
 Chain Lightning          Conj/Air       2%         3d3       100%        9
 Dragon's Call            Summ           2%         N/A       100%        9
 Fire Storm               Conj/Fire      2%         8d1       100%        9
 Polar Vortex             Ice            2%         N/A       100%        9
 Shatter                  Erth           2%         3d6*      100%        9


Dungeon Overview and Level Annotations

Branches:
Dungeon (15/15)            Temple (1/1) D:5            Lair (5/5) D:9
  Swamp (4/4) Lair:2        Snake (4/4) Lair:2        Slime (5/5) Lair:5
    Orc (2/2) D:9             Elf (3/3) Orc:2        Vaults (5/5) D:13
  Crypt (3/3) Vaults:3       Tomb (3/3) Crypt:3      Depths (4/4) D:15
   Hell (visited)             Dis (7/7) Hell            Geh (7/7) Hell
    Coc (7/7) Hell            Tar (7/7) Hell            Zot (5/5) Depths:4
  IceCv (visited)         Volcano (visited)         Desolation (visited)

Altars:
Ashenzari
Cheibriados
Dithmenos
Elyvilon
Fedhas
Gozag
Hepliaklqana
Kikubaaqudgha
Makhleb
Nemelex Xobeh
Okawaru
Qazlal
Ru
Sif Muna
Trog
Uskayaw
Vehumet
Wu Jian
Xom
Yredelemnul
Zin
The Shining One
Beogh
Jiyva
Lugonu

Shops:
D:13 [   D:15 :   Orc:2 [(   Elf:2 [   Vaults:1 :   Vaults:3 *   Depths:1 :

Portals:
Hell: Depths:1 Depths:2 Depths:3 Depths:4
Abyss: D:6 D:7 Depths:2 Depths:3 Depths:4
Pandemonium: Depths:2
Ziggurat: Depths:2


Innate Abilities, Weirdness & Mutations

You have a pair of horns on your head.
You reflexively headbutt those who attack you in melee.
Your system is resistant to poisons. (rPois)
Your spells are a little harder to cast, but a little more powerful.


Message History

You block Boris's attack. x2
You slash Boris!
Boris convulses!!
Boris is severely damaged.
You block Boris's attack. x2
You slice Boris!!
Boris convulses!!
You headbutt Boris.
Boris is almost destroyed.
You block Boris's attack. x2
You completely miss Boris. You headbutt Boris.
Boris is almost destroyed.
Boris rolls out his victims' laments.
The howling sorrow hits you. You resist.
You open Boris like a pillowcase!!!
You destroy Boris!
The Shining One accepts your kill.
You feel better.
HP Full. (273) No target in view!
Unknown command.
You see here the +4 robe of the Baleful Wumpus {rPois rF+}.
d - the +4 robe of the Baleful Wumpus {rPois rF+} 4 hell hounds come into view.
There is an escape hatch in the ceiling here.
The hell hound barks! x3
A mysterious force pulls you upwards. The hatch slams shut behind you.
You see here a quokka skeleton.
Key pressed, stopping travel.
You can't go up here!
There is a stone staircase leading up here.
You climb upwards.
There is a stone staircase leading down here.
There is an escape hatch in the ceiling here.
A mysterious force pulls you upwards. The hatch slams shut behind you.
There is a stone staircase leading up here.
You climb upwards.
There is a stone staircase leading down here.
There is a stone staircase leading up here.
You climb upwards.
There is a stone staircase leading down here.
There is a staircase leading out of the dungeon here.
You have escaped!

#..#................##.####.#
...####......#.#######.#..#.#
##.##..........# #.##.#.#
#.##.####.....## #....#.#
#..............#########.#.#####
####.##.###.....................
#.#......#.#.##.#####.#......
#...#....##.#.#.# #.#######
###.#)...###@#..#####.#
#.#....##©#.#.......#
#.##########..#######
#######.#.#########.#
............©##.....#############
########...).##.....#...........#
#.....##.................#
###....#.....#...........#
#########...#####..#...........#


There were no monsters in sight!

Vanquished Creatures
  Cerebov (Pan)
  Antaeus (Coc:7)
  Asmodeus (Geh:7)
  the Royal Jelly (Slime:5)
  Ereshkigal (Tar:7)
  Mnoleg (Pan)
  Dissolution (Slime:3)
  Lom Lobon (Pan)
  Gloorx Vloq (Pan)
  the Serpent of Hell (Geh:7)
  7 dread liches
  A seraph (Pan)
  9 ancient liches
  Dispater (Dis:7)
  5 orbs of fire
  Mennas (Tomb:2)
  A juggernaut (Depths:4)
  34 royal mummies
  Xtahua (Crypt:1)
  Sojobo (Vaults:5)
  The ghost of Cigijetz the Impregnable, a veteran MiGl of Hepliaklqana (Crypt:2)
  the Lernaean hydra (Swamp:4)
  Boris (5 times) (Depths:3 Crypt:2 Tomb:2 Depths:4 D:6)
  Josephina (Zot:4)
  5 Killer Klowns (Zot:5)
  Margery (Depths:4)
  Saint Roka (Depths:2)
  13 shard shrikes
  Geryon (Hell)
  2 curse toes
  42 caustic shrikes
  7 pandemonium lords (Pan)
  Jory (Tar:4)
  5 golden dragons
  the Enchantress (Depths:3)
  7 profane servitors
  4 electric golems
  27 bone dragons
  12 iron giants
  19 doom hounds
  A shard shrike zombie (Tar:7)
  16 Brimstone Fiends
  Jorgrun (Swamp:1)
  8 hellephants
  Mlioglotl (Snake:4)
  30 Tzitzimimeh
  18 tainted leviathans
  20 Ice Fiends
  22 Hell Sentinels
  17 tentacled monstrosities
  4 deep elf blademasters (Elf:3)
  26 Orb Guardians
  13 titans
  Asterion (Depths:2)
  6 liches
  19 searing wretches
  Grunn (Crypt:3)
  8 quicksilver dragons
  26 acid blobs
  2 walking frostbound tomes (Pan)
  2 deep elf master archers (Elf:3)
  17 death cobs
  26 Executioners
  32 ancient champions
  6 tentacled starspawn
  Aizul (Snake:1)
  10 sphinxes
  A thorn hunter (Swamp:2)
  The ghost of Yjerus the Bludgeoner, an adept MiAK of Lugonu (D:15)
  6 nagarajas
  A revenant (Crypt:1)
  21 storm dragons
  30 azure jellies
  A daeva (Pan)
  6 draconian monks
  13 fire giants
  13 shadow dragons
  6 tengu reavers
  2 fenstrider witches (Pan)
  7 protean progenitors
  13 rockslimes
  31 narguns
  16 demonspawn warmongers (Pan)
  9 deep elf sorcerers
  12 draconian knights
  17 iron dragons
  8 draconian shifters
  11 quicksilver elementals
  21 vault wardens
  7 draconian scorchers
  4 imperial myrmidons (Desolation)
  13 frost giants
  Louise (Swamp:1)
  42 balrugs
  7 deep elf elementalists (Elf:3)
  22 cacodemons
  A ghost moth (Zot:2)
  10 draconian stormcallers
  9 shard shrike simulacra
  4 caustic shrike zombies
  4 curse skulls
  A spectral caustic shrike (Tar:3)
  31 reapers
  2 spectral juggernauts
  2 juggernaut zombies (Tar:7)
  4 spriggan defenders
  7 ghouls
  3 caustic shrike skeletons
  4 juggernaut skeletons
  7 draconian annihilators
  13 ironbound preservers
  14 demonspawn corrupters (Pan)
  3 formless jellyfish
  10 angels
  25 quicksilver oozes
  34 vampire knights
  34 stone giants
  6 ophanim (Pan)
  11 eleionomae
  9 ironbound thunderhulks
  31 very ugly things
  10 demonspawn blood saints (Pan)
  18 elemental wellsprings
  An apis (Pan)
  8 deep elf demonologists
  11 white draconians
  3 halazid warlocks (Desolation)
  11 red draconians
  2 spark wasps (Depths:4)
  18 lorocyprocas
  10 deep elf death magi
  20 black draconians
  13 purple draconians
  29 putrid mouths
  12 demonspawn black suns (Pan)
  10 green draconians
  9 dire elephants
  26 war gargoyles
  28 wendigos
  4 bennus
  2 spectral titans
  10 deep elf annihilators
  3 bunyips
  2 pale draconians (Depths:4)
  6 eidola
  A quicksilver dragon zombie (Tar:4)
  20 iron golems
  7 yellow draconians
  13 green deaths
  18 ettins
  2 crystal guardians (Vaults:3)
  19 blizzard demons
  A spectral quicksilver dragon (Tar:3)
  7 ragged hierophants (Desolation)
  16 jiangshi
  20 mummy priests
  An entropy weaver (Vaults:1)
  3 spectral spriggans
  6 fire dragons
  2 spectral golden dragons (Tar:4)
  A merfolk impaler (Depths:3)
  2 spectral fenstrider witches
  15 yaktaur captains
  2 shambling mangroves
  22 hydras
  6 juggernaut simulacra
  9 deep elf high priests
  12 great orbs of eyes
  A quicksilver dragon skeleton (Depths:1)
  12 salamander tyrants
  34 vault guards
  A spriggan skeleton (Hell)
  An ogre mage (Vaults:5)
  6 peacekeepers
  2 jorogumos (Pan)
  8 ironbound frosthearts
  12 ice dragons
  3 spriggan air magi
  10 rakshasas
  2 centaur warriors
  4 hell beasts
  3 death knights (Crypt:1)
  5 servants of whispers (Desolation)
  18 anacondas
  12 stokers
  A two-headed ogre (shapeshifter) (Elf:3)
  13 caustic shrike simulacra
  4 ghost crabs
  A merfolk aquamancer (Pan)
  2 radroaches (Pan)
  2 catoblepae (Lair:5)
  26 dancing weapons
  21 two-headed ogres
  13 death yaks
  3 alligators
  12 deep troll shamans
  116 death scarabs
  48 hell hogs
  10 deep troll earth magi
  7 spriggan berserkers
  12 vampire magi
  Urug (Lair:4)
  4 boulder beetles
  2 titan zombies (Hell)
  3 occultists
  5 demonic crawlers
  6 holy swine (Pan)
  7 tengu warriors
  10 naga sharpshooters
  11 naga warriors
  An orc high priest (Pan)
  16 shock serpents
  2 spectral dire elephants (Tar:1)
  7 thrashing horrors (Abyss:3)
  24 hell knights
  A shock serpent (shapeshifter) (Depths:4)
  The ghost of Radamante the Ruffian, a novice TrFi (D:6)
  14 crystal echidnas
  29 shadow wraiths
  A skyshark (Pan)
  95 sun demons
  21 deep elf knights
  8 salamander mystics
  3 titan skeletons
  Amaemon (D:10)
  45 soul eaters
  A skyshark (shapeshifter) (Vaults:5)
  2 spectral bunyips (Tar:1)
  10 deep elf archers
  12 iron trolls
  A storm dragon skeleton (Abyss:1)
  4 hellephant skeletons (Pan)
  28 sixfirhies
  7 wretched stars (Abyss:3)
  48 large abominations
  51 skeletal warriors
  An iron giant zombie (Crypt:3)
  A spatial maelstrom (Abyss:2)
  4 goliath frogs
  26 shadow demons
  4 spriggan druids
  4 sea snakes (Snake:2)
  2 glowing orange brains (shapeshifter)
  7 cherubim (Pan)
  A deep troll (shapeshifter) (Vaults:5)
  10 spectral anacondas
  9 flayed ghosts
  6 arcanists
  6 quicksilver dragon simulacra
  4 glowing orange brains
  6 sun moths (Pan)
  A spark wasp zombie (D:15)
  53 deep trolls
  8 bog bodies
  13 mana vipers
  An anaconda zombie (Crypt:3)
  22 ironbound convokers
  An obsidian statue (Snake:2)
  20 lindwurms
  18 swamp dragons
  39 phantasmal warriors
  Pikel (D:6)
  An anaconda skeleton (Tar:4)
  9 harpies
  A frost giant zombie (Depths:1)
  An elf zombie (Vaults:3)
  2 naga ritualists
  3 obsidian bats
  28 deep elf zephyrmancers
  13 necromancers
  A shadow dragon zombie (Hell)
  A spectral hydra (Tar:5)
  2 thermic dynamos (Depths:3)
  A sphinx simulacrum (Depths:1)
  32 deep elf pyromancers
  34 ugly things
  10 starcursed masses (Abyss:3)
  3 wolf spiders (Zot:5)
  An alligator zombie (Crypt:3)
  A faun (shapeshifter) (Depths:4)
  10 orc knights
  5 manticores
  A stone giant zombie (Hell)
  27 salamanders
  A shadow dragon skeleton (Depths:1)
  A spectral centaur (Tar:2)
  3 shining eyes
  An orc sorcerer (Elf:2)
  A wolf spider (shapeshifter) (Depths:2)
  2 worldbinders (Abyss:3)
  30 cyclopes
  A spectral ettin (Tar:6)
  29 moths of wrath
  7 elephants (Lair:5)
  2 draconian zombies
  A faun (Pan)
  An alligator skeleton (Crypt:2)
  2 will-o-the-wisps
  3 dire elephant zombies (Crypt:3)
  A mana viper (shapeshifter) (Vaults:5)
  3 rust devils (Pan)
  4 Executioner simulacra (Pan)
  An iron dragon skeleton (Tar:7)
  2 toenail golems
  4 meliai (Abyss:3)
  A fire giant skeleton (Depths:1)
  2 eyes of devastation
  21 vault sentinels
  13 ice statues
  8 titan simulacra
  9 naga magi
  2 naga zombies
  An apocalypse crab (Abyss:3)
  6 cane toads
  52 black mambas
  18 guardian serpents
  42 smoke demons
  A water nymph (shapeshifter) (Depths:4)
  9 molten gargoyles
  5 torpor snails (Lair:5)
  A gargoyle (D:14)
  21 hellions
  A dire elephant skeleton (Hell)
  21 orange demons
  13 unseen horrors
  A human zombie (Vaults:3)
  4 efreet
  12 ice devils
  A kobold demonologist (Pan)
  A ghost moth simulacrum (Zot:4)
  7 komodo dragons
  47 yaktaurs
  A spectral naga (Tar:1)
  7 rime drakes
  2 iron giant simulacra
  35 tormentors
  9 anaconda simulacra
  A death yak skeleton (Crypt:2)
  3 golden dragon simulacra (Coc:5)
  6 spectral harpies
  A bunyip simulacrum (Coc:2)
  13 freezing wraiths
  34 guardian mummies
  7 tengu conjurers
  A queen bee (Abyss:3)
  An unseen horror skeleton (Crypt:3)
  6 red devils
  25 polar bears
  A grey draconian skeleton (Crypt:1)
  5 silent spectres
  8 trolls
  7 ancient zymes
  A pale draconian skeleton (Crypt:2)
  7 harpy zombies
  A troll (shapeshifter) (D:14)
  12 tyrant leeches
  A shadow dragon simulacrum (Coc:1)
  Grinder (D:3)
  24 hellwings (Pan)
  47 saltlings (Desolation)
  7 glass eyes
  3 harpy skeletons
  A blink frog (shapeshifter) (Elf:3)
  2 hydra skeletons (Tar:7)
  A human simulacrum (Vaults:3)
  7 raiju
  A hornet (shapeshifter) (Elf:3)
  7 dream sheep (Lair:5)
  2 spriggan zombies
  32 blink frogs
  2 iron dragon simulacra
  A draconian simulacrum (Zot:4)
  24 hornets
  An ettin zombie (Crypt:3)
  2 stone giant simulacra
  82 slime creatures
  5 dire elephant simulacra
  2 centaur simulacra
  A slime creature (shapeshifter) (Vaults:4)
  3 air elementals
  Eustachio (D:6)
  2 ettin skeletons
  2 vampires
  7 wyverns
  17 wraiths
  24 ynoxinuls
  10 fire bats
  15 spriggans
  46 yaks
  13 ushabtiu
  A tyrant leech zombie (Crypt:1)
  3 shadows (D:11)
  14 water elementals
  An alligator snapping turtle simulacrum (Coc:1)
  9 golden eyes
  An elf skeleton (Vaults:3)
  An ice dragon skeleton (Crypt:1)
  A wind drake skeleton (Crypt:2)
  A human (Lair:5)
  A catoblepas simulacrum (Hell)
  3 fire elementals
  4 basilisks
  3 wargs
  8 steam dragons
  10 vampire mosquitoes
  16 neqoxecs
  A red draconian simulacrum (Zot:4)
  3 redbacks (Vaults:1)
  25 chaos spawn
  2 death yak simulacra (IceCv)
  17 swamp worms
  A yaktaur simulacrum (Vaults:3)
  24 harpy simulacra
  A glowing shapeshifter zombie (Vaults:3)
  23 nagas
  8 water moccasins
  6 hell hounds
  An acid dragon (D:12)
  2 hydra simulacra
  A moth of wrath simulacrum (Zot:4)
  A deep troll skeleton (Crypt:3)
  13 black bears
  7 swamp drakes
  4 ice beasts
  26 orc warriors
  A dream sheep zombie (Crypt:3)
  18 ogres
  A manticore zombie (Crypt:2)
  A sky beast (D:7)
  A blink frog zombie (Crypt:1)
  7 ettin simulacra
  43 laughing skulls
  30 wolves
  3 boggarts (Vaults:2)
  A black mamba simulacrum (Coc:1)
  A swamp dragon skeleton (Crypt:3)
  14 centaurs
  2 lemures (D:6)
  A phantom (D:6)
  5 weeping skulls
  4 kobold brigands
  A komodo dragon zombie (Crypt:3)
  3 earth elementals
  5 brain worms
  A deep troll simulacrum (Coc:2)
  A gnoll sergeant (D:6)
  11 bullfrogs
  3 scorpions
  22 small abominations
  3 two-headed ogre simulacra (IceCv)
  4 cane toad simulacra (IceCv)
  A hornet simulacrum (D:15)
  14 wights
  A yak zombie (Crypt:3)
  16 killer bees
  3 elephant simulacra (IceCv)
  A yak skeleton (Crypt:1)
  7 howler monkeys
  7 electric eels
  3 lava snakes (Lair:2)
  A bombardier beetle (D:6)
  9 hounds
  11 jellies
  11 orc priests
  3 sleepcaps
  3 iguanas
  25 orc wizards
  6 troll simulacra (IceCv)
  A human skeleton (Crypt:2)
  3 polar bear simulacra (IceCv)
  15 spriggan simulacra
  3 wolf simulacra (IceCv)
  An ogre zombie (Crypt:1)
  An ogre skeleton (Crypt:1)
  2 hound zombies (Crypt:3)
  47 mummies
  A swamp drake zombie (Crypt:2)
  10 naga simulacra
  8 adders
  2 shadow imps
  9 white imps
  6 ufetubi
  A lava snake zombie (Crypt:3)
  2 ribbon worms
  3 dart slugs
  74 orcs
  A bat (D:1)
  3 endoplasms
  6 giant cockroaches
  14 goblins
  9 hobgoblins
  3 jackals (D:4)
  5 quokkas
  7 ball pythons
  3 frilled lizards
  A frilled lizard skeleton (Crypt:2)
  20 kobolds
  A quokka zombie (Crypt:1)
  2 rats (D:2)
  2 aspiring fleshes (Pan)
  2 ball lightnings (Pan)
  6 creeping infernos
  51 fire vortices
  A lurking horror (Abyss:3)
  4 spectral weapons
  5 starspawn tentacles
4912 creatures vanquished.

Vanquished Creatures (collateral kills)
  A tainted leviathan (Tar:7)
  A titan (Coc:7)
  An Executioner (Pan)
  A balrug (Pan)
  A very ugly thing (Pan)
  2 bunyips (Swamp:1)
  2 bennus (Tomb:2)
  A putrid mouth (Tar:7)
  A mummy priest (Tomb:2)
  An ettin (Orc:2)
  A hydra (Swamp:4)
  A ghost crab (Swamp:4)
  2 anacondas (Pan)
  A shock serpent (Snake:3)
  A skyshark (Pan)
  A sixfirhy (Pan)
  A shadow wraith (Tar:7)
  A deep elf archer (D:12)
  2 cherubim (Pan)
  A swamp dragon (Swamp:4)
  3 goliath frogs
  2 naga ritualists (Snake:3)
  3 deep elf pyromancers (D:12)
  A deep elf zephyrmancer (D:12)
  2 large abominations (Pan)
  3 kobold blastminers (Orc:2)
  2 black mambas (Snake:3)
  An orange demon (Pan)
  A freezing wraith (Coc:7)
  2 hornets (Swamp:1)
  2 bloated husks (Swamp:1)
  A harpy skeleton (Tomb:2)
  A human simulacrum (Tomb:2)
  4 spriggans (Swamp:1)
  An ushabti (Tomb:2)
  A neqoxec (Pan)
  2 swamp worms (Swamp:1)
  A swamp drake (Swamp:4)
  2 orc warriors (Orc:2)
  3 centaurs (Orc:2)
  2 brain worms (Pan)
  7 mummies (Tomb:2)
  2 orcs (Orc:2)
  An aspiring flesh (Pan)
74 creatures vanquished.

Vanquished Creatures (others)
  The ghost of AlexanderH the Pyromancer, an adept DrEE of Vehumet (Vaults:3)
  A hellephant (Geh:6)
  A walking frostbound tome (Pan)
  A fenstrider witch (Pan)
  A nargun (Coc:5)
  A fire giant (Geh:3)
  A balrug (Pan)
  A shard shrike simulacrum (Coc:7)
  3 wendigos
  A blizzard demon (Pan)
  A servant of whispers (Desolation)
  2 caustic shrike simulacra
  A hydra (Swamp:3)
  A jorogumo (Pan)
  A stoker (Hell)
  An occultist (D:6)
  A hell knight (Hell)
  A sun demon (Pan)
  A spriggan (Swamp:3)
  A flayed ghost (Crypt:3)
  A sun moth (Pan)
  A quicksilver dragon simulacrum (Coc:2)
  3 necromancers (Hell)
  6 spriggan simulacra
  A glowing orange brain (Depths:3)
  2 titan simulacra (Coc:5)
  An orange demon (Hell)
  An unseen horror (D:12)
  An anaconda simulacrum (Coc:5)
  2 bloated husks
  A hornet (Swamp:3)
  2 hellwings (Pan)
  2 stone giant simulacra
  An iron dragon simulacrum (Coc:3)
  A water elemental (Elf:3)
  An alligator snapping turtle simulacrum (Coc:1)
  4 harpy simulacra
  A hydra simulacrum (Coc:5)
  A swamp drake (Swamp:3)
  3 ettin simulacra
  2 naga simulacra
  An orc wizard (D:14)
  13 ball lightnings (Pan)
  6 creeping infernos
  4 foxfires (Abyss:3)
  6 starspawn tentacles (Abyss:3)
91 creatures vanquished.

Grand Total: 5077 creatures vanquished

Notes
Turn   | Place    | Note
-------+----------+-------------------------------------------
     0 | D:1      | ExiledSoul the Minotaur Berserker began the quest for the
                  | Orb.
     0 | D:1      | Reached XP level 1. HP: 19/19 MP: 0/0
   373 | D:1      | Reached XP level 2. HP: 27/27 MP: 1/1
   648 | D:1      | You fall into a shaft and drop 1 floor!
  1041 | D:2      | Reached XP level 3. HP: 31/33 MP: 2/2
  1376 | D:3      | Reached skill level 5 in Axes
  1376 | D:3      | Reached XP level 4. HP: 40/40 MP: 3/3
  1423 | D:3      | Reached ** piety under Trog
  1537 | D:3      | Noticed Grinder
  1539 | D:3      | Paralysed by Grinder for 4 turns
  1546 | D:3      | Killed Grinder
  1547 | D:3      | Reached skill level 5 in Fighting
  1547 | D:3      | Reached XP level 5. HP: 48/48 MP: 4/4
  1547 | D:3      | Reached XP level 6. HP: 56/56 MP: 5/5
  2682 | D:5      | Entered Level 5 of the Dungeon
  2753 | D:5      | Reached skill level 5 in Armour
  2809 | D:5      | Reached XP level 7. HP: 29/62 MP: 6/6
  3070 | D:5      | Found a staircase to the Ecumenical Temple.
  3582 | Temple   | Entered the Ecumenical Temple
  3649 | D:6      | Noticed a toenail golem
  3653 | D:6      | Found a transporter.
  3653 | D:6      | Found a transporter.
  3738 | D:6      | Noticed Pikel
  3750 | D:6      | Killed Pikel
  3751 | D:6      | Reached skill level 10 in Axes
  3751 | D:6      | Reached XP level 8. HP: 73/73 MP: 7/7
  3808 | D:6      | Found Plog's Gadget Gallery.
  3816 | D:6      | Noticed Eustachio
  3821 | D:6      | Killed Eustachio
  3880 | D:6      | Got Ycejocra's Spellbook of Ill Luck
  3954 | D:6      | Noticed a smoke demon
  3954 | D:6      | Noticed an occultist
  3962 | D:6      | Noticed Radamante's ghost (novice TrFi)
  4038 | D:6      | Reached *** piety under Trog
  4056 | D:6      | Reached XP level 9. HP: 82/82 MP: 8/8
  4232 | D:6      | Noticed a cyclops
  4240 | D:6      | Killed a cyclops
  4556 | D:6      | Killed an unseen horror
  4557 | D:6      | Reached skill level 10 in Fighting
  5281 | D:7      | Found a one-way gate to the infinite horrors of the Abyss.
  5281 | D:7      | Identified the +6 rapier of the Lame Duck {distort,
                  | *Corrode rN+++ Int+2}
  5317 | D:7      | Identified the +3 scale mail of the Arcane {Stlth+}
  5344 | D:7      | Found a large runed translucent door.
  5350 | D:7      | Reached XP level 10. HP: 94/94 MP: 9/9
  5451 | D:7      | Found a large runed translucent door.
  5454 | D:7      | Found a corrupted altar of Lugonu.
  6019 | D:8      | Reached **** piety under Trog
  6159 | D:8      | Noticed a two-headed ogre
  6167 | D:8      | Killed a two-headed ogre
  6379 | D:8      | Found a sparkling altar of Nemelex Xobeh.
  6533 | D:9      | Reached skill level 15 in Axes
  6836 | D:9      | Found a staircase to the Lair.
  6891 | D:9      | Reached XP level 11. HP: 102/104 MP: 10/10
  6928 | D:9      | Reached ***** piety under Trog
  7005 | D:9      | Found a staircase to the Orcish Mines.
  7140 | D:10     | Entered Level 10 of the Dungeon
  7231 | D:10     | Found a broken altar of Ashenzari.
  7438 | D:10     | Noticed a two-headed ogre
  7442 | D:10     | Noticed Amaemon
  7446 | D:10     | Killed a two-headed ogre
  7461 | D:10     | Killed Amaemon
  7528 | D:10     | Found a portal to a secret trove of treasure.
  7664 | D:10     | Received a gift from Trog
  7784 | D:10     | Found a transporter.
  7793 | D:10     | Found a transporter.
  7821 | D:10     | Found a transporter.
  7858 | D:10     | Found a transporter.
  8145 | D:11     | Noticed an ice dragon
  8156 | D:11     | Killed an ice dragon
  8205 | D:11     | Got the +8 broad axe of Demand {freeze, rElec rC- rN+}
  8303 | D:11     | Noticed a two-headed ogre
  8310 | D:11     | Killed a two-headed ogre
  8602 | D:11     | Reached XP level 12. HP: 115/115 MP: 11/11
  8616 | D:11     | Noticed a two-headed ogre
  8623 | D:11     | Killed a two-headed ogre
  8857 | D:12     | Reached skill level 10 in Armour
  8898 | D:12     | Found a glowing silver altar of Zin.
  8916 | D:12     | Noticed a two-headed ogre
  8928 | D:12     | Killed a two-headed ogre
  9507 | D:12     | Reached XP level 13. HP: 33/125 MP: 12/12
  9757 | D:12     | Reached skill level 15 in Fighting
 10191 | D:13     | Identified the +8 mace "Naycat" {pain, Int+4 Dex+3}
 10200 | D:13     | Found a gate to the Vaults.
 10274 | D:13     | Found Ilodycwa's Armour Shop.
 10933 | D:14     | Identified the +1 robe of Peek-a-Boo {rElec rC+}
 11580 | D:15     | Entered Level 15 of the Dungeon
 11620 | D:15     | Found a runed translucent door.
 11621 | D:15     | Found a shimmering altar of Xom.
 11621 | D:15     | Noticed Yjerus's ghost (adept MiAK)
 11791 | D:15     | Reached XP level 14. HP: 101/138 MP: 13/13
 11821 | D:15     | Found a staircase to the Depths.
 11843 | D:15     | Received a gift from Trog
 12033 | D:15     | Found Imnaomelorup's Self-Improvement Boutique.
 12521 | Orc:1    | Entered Level 1 of the Orcish Mines
 12583 | Orc:1    | Reached skill level 1 in Shields
 13337 | D:15     | Bought a manual of Axes for 1360 gold pieces
 13456 | Orc:2    | Entered Level 2 of the Orcish Mines
 13528 | Orc:2    | Found Ciguig's Magic Scroll Emporium.
 13528 | Orc:2    | Found Ubburr's Armour Shop.
 13551 | Orc:2    | Found Lenewe's Distillery.
 13553 | Orc:2    | Found Dug Rom's Antique Weapon Boutique.
 13560 | Orc:2    | Bought a potion of might for 64 gold pieces
 13560 | Orc:2    | Bought a potion of resistance for 160 gold pieces
 13691 | Orc:2    | Found a dark tunnel.
 13700 | Volcano  | Entered a volcano
 14190 | Orc:2    | Found a staircase to the Elven Halls.
 14302 | Orc:2    | Found a roughly hewn altar of Beogh.
 14394 | Orc:2    | Reached skill level 5 in Shields
 14538 | Orc:2    | Bought a scroll of enchant weapon for 105 gold pieces
 14538 | Orc:2    | Bought a scroll of teleportation for 42 gold pieces
 14538 | Orc:2    | Bought a scroll of fear for 56 gold pieces
 14538 | Orc:2    | Bought a scroll of enchant armour for 105 gold pieces
 14597 | Lair:1   | Entered Level 1 of the Lair of Beasts
 15437 | Lair:2   | Found a staircase to the Snake Pit.
 15553 | Lair:2   | Received a gift from Trog
 15565 | Lair:2   | Identified the ring "Weomig" {*Slow rC+ Will+++ MP+9 AC+4}
 15617 | Lair:2   | Found a staircase to the Swamp.
 15759 | Lair:2   | Identified the ring "Ucagaadd" {rCorr Int-2 Dex+5 SInv
                  | Stlth+}
 15847 | Lair:2   | Reached XP level 15. HP: 126/147 MP: 14/14
 16849 | Lair:4   | Noticed Urug
 16862 | Lair:4   | Killed Urug
 16953 | Lair:4   | You fall into a shaft and drop 1 floor!
 16953 | Lair:5   | Entered Level 5 of the Lair of Beasts
 16953 | Lair:5   | Found a frozen archway.
 16962 | Lair:5   | Reached skill level 5 in Dodging
 16971 | IceCv    | Entered an ice cave
 17148 | IceCv    | Received a gift from Trog
 18668 | Lair:5   | Found a staircase to the Slime Pits.
 18728 | Lair:5   | Reached ****** piety under Trog
 18742 | Lair:5   | Found a viscous altar of Jiyva.
 18810 | Lair:5   | Found a runed translucent door.
 18817 | Lair:5   | Received a gift from Trog
 19589 | Lair:5   | Reached XP level 16. HP: 138/159 MP: 15/15
 19611 | Lair:5   | Got the Writings on Impulse
 20263 | D:10     | You paid a toll of 4 potions of resistance to enter a
                  | treasure trove
 20264 | Trove    | Entered a treasure trove
 20472 | Snake:1  | Entered Level 1 of the Snake Pit
 20594 | Orc:2    | Bought a scroll of identify for 28 gold pieces
 20594 | Orc:2    | Bought a scroll of identify for 28 gold pieces
 20594 | Orc:2    | Bought a scroll of fog for 56 gold pieces
 20594 | Orc:2    | Bought a scroll of immolation for 56 gold pieces
 20594 | Orc:2    | Bought a scroll of amnesia for 56 gold pieces
 20596 | Orc:2    | Reached XP level 17. HP: 166/166 MP: 16/16
 20599 | Orc:2    | Bought a potion of curing for 48 gold pieces
 20599 | Orc:2    | Bought a potion of curing for 48 gold pieces
 20599 | Orc:2    | Bought a potion of brilliance for 64 gold pieces
 20599 | Orc:2    | Bought a potion of curing for 48 gold pieces
 20599 | Orc:2    | Bought a potion of berserk rage for 80 gold pieces
 20750 | D:6      | Killed Radamante's ghost
 21014 | D:15     | Killed Yjerus's ghost
 21207 | Swamp:1  | Entered Level 1 of the Swamp
 21207 | Swamp:1  | Noticed Jorgrun
 21219 | Swamp:1  | Killed Jorgrun
 21220 | Swamp:1  | Reached skill level 27 in Axes
 21220 | Swamp:1  | Reached skill level 10 in Shields
 21356 | Swamp:1  | Noticed Louise
 21368 | Swamp:1  | Killed Louise
 21915 | Swamp:2  | Received a gift from Trog
 22158 | Swamp:2  | Reached skill level 10 in Dodging
 22949 | Swamp:3  | Received a gift from Trog
 23404 | Swamp:4  | Entered Level 4 of the Swamp
 23492 | Swamp:4  | Reached XP level 18. HP: 160/182 MP: 17/17
 23907 | Swamp:4  | Noticed the 27-headed Lernaean hydra
 23919 | Swamp:4  | Killed the 26-headed Lernaean hydra
 24160 | Swamp:4  | Got a decaying rune of Zot
 24718 | Snake:1  | Identified the serpent talisman of the Many Wars {Will+
                  | Str+3}
 24718 | Snake:1  | Noticed Aizul
 24726 | Snake:1  | Killed Aizul
 24826 | Snake:1  | Found a broken altar of Ashenzari.
 25276 | Snake:2  | Found a transporter.
 25276 | Snake:2  | Found the +12 glaive of Prune {freeze, Prune}
 25394 | Snake:2  | Found a transporter.
 25847 | Snake:2  | Received a gift from Trog
 26630 | Snake:3  | Reached XP level 19. HP: 89/195 MP: 12/18
 27027 | Snake:4  | Entered Level 4 of the Snake Pit
 27187 | Snake:4  | Identified the +0 glaive "Bimo" {antimagic, rC+} (Trog
                  | gifted it to you on level 4 of the Snake Pit)
 27187 | Snake:4  | Received a gift from Trog
 27579 | Snake:4  | Got a serpentine rune of Zot
 27753 | Snake:4  | Noticed Mlioglotl
 27769 | Snake:4  | Killed Mlioglotl
 27769 | Snake:4  | Received a gift from Trog
 28350 | Vaults:1 | Entered Level 1 of the Vaults
 28974 | Vaults:1 | Found Guix Kuaruy's Book Shoppe.
 29015 | Vaults:1 | Received a gift from Trog
 29470 | Vaults:2 | Reached XP level 20. HP: 173/211 MP: 19/19
 29482 | Vaults:2 | Identified 2 scrolls of acquirement
 29502 | Vaults:2 | Acquired 1154 gold pieces
 29507 | Vaults:2 | Acquired 381 gold pieces
 29706 | Vaults:2 | Reached skill level 15 in Shields
 29710 | Vaults:2 | Reached skill level 15 in Armour
 30206 | Vaults:2 | Received a gift from Trog
 31006 | Vaults:3 | Found a runed translucent door.
 31100 | Vaults:3 | Noticed AlexanderH's ghost (adept DrEE)
 31126 | Vaults:3 | Received a gift from Trog
 31136 | Vaults:3 | Reached skill level 27 in Fighting
 31263 | Vaults:3 | Found Soossuut's Assorted Antiques.
 31287 | Vaults:3 | Bought a scroll of immolation for 104 gold pieces
 31287 | Vaults:3 | Bought 2 potions of curing for 156 gold pieces
 31287 | Vaults:3 | Bought a scroll of identify for 52 gold pieces
 31287 | Vaults:3 | Bought a potion of might for 104 gold pieces
 31287 | Vaults:3 | Bought a potion of might for 104 gold pieces
 31287 | Vaults:3 | Bought a scroll of teleportation for 78 gold pieces
 31351 | Vaults:3 | Found a staircase to the Crypt.
 31653 | Vaults:3 | Received a gift from Trog
 31891 | Vaults:3 | Killed AlexanderH's ghost
 32424 | Vaults:4 | Reached XP level 21. HP: 201/224 MP: 20/20
 33136 | Depths:1 | Entered Level 1 of the Depths
 33147 | Depths:1 | Found Osinweas's One-of-a-Kind Books.
 33156 | Depths:1 | Received a gift from Trog
 33684 | Depths:1 | Identified the +4 quarterstaff "Pachuw" {venom, Dex+3}
 33828 | Depths:1 | Found a gateway to Hell.
 34093 | Depths:2 | Found a burning altar of Makhleb.
 34102 | Depths:2 | Found a one-way gate leading to the halls of Pandemonium.
 34126 | Depths:2 | Found Nole's Magic Scroll Shop.
 34153 | Depths:2 | Found a one-way gateway to a ziggurat.
 34207 | Depths:2 | Bought a scroll of fog for 92 gold pieces
 34207 | Depths:2 | Bought a scroll of revelation for 172 gold pieces
 34207 | Depths:2 | Bought 3 scrolls of enchant armour for 517 gold pieces
 34207 | Depths:2 | Bought a scroll of vulnerability for 92 gold pieces
 34207 | Depths:2 | Bought a scroll of identify for 46 gold pieces
 34207 | Depths:2 | Bought a scroll of teleportation for 69 gold pieces
 34386 | Depths:2 | Noticed Asterion
 34397 | Depths:2 | Killed Asterion
 34428 | Depths:2 | You are sucked into a shaft and drop 1 floor!
 34446 | Depths:3 | Received a gift from Trog
 34508 | Depths:3 | Identified the +2 robe of the Shining Light {rF++ rCorr
                  | Int-4 Stlth+}
 34508 | Depths:3 | Noticed Boris
 34511 | Depths:4 | Entered Level 4 of the Depths
 34806 | Depths:3 | Found a glowing golden altar of the Shining One.
 34956 | Depths:3 | Killed Boris
 34957 | Depths:3 | Found Meneup's Distillery.
 34988 | Depths:3 | Bought a potion of might for 56 gold pieces
 34988 | Depths:3 | Bought a potion of lignification for 42 gold pieces
 34988 | Depths:3 | Bought a potion of enlightenment for 70 gold pieces
 34988 | Depths:3 | Bought a potion of might for 56 gold pieces
 34988 | Depths:3 | Bought a potion of cancellation for 112 gold pieces
 34988 | Depths:3 | Bought a potion of heal wounds for 70 gold pieces
 34988 | Depths:3 | Bought a potion of mutation for 112 gold pieces
 34988 | Depths:3 | Bought a potion of haste for 140 gold pieces
 35077 | Depths:3 | Found a corrupted altar of Lugonu.
 35105 | Depths:3 | Received a gift from Trog
 35761 | Depths:2 | Reached XP level 22. HP: 212/233 MP: 21/21
 36028 | Depths:2 | Noticed Saint Roka
 36053 | Depths:2 | Killed Saint Roka
 36399 | Depths:2 | Received a gift from Trog
 36606 | Depths:4 | Noticed the Enchantress
 36670 | Depths:3 | Killed the Enchantress
 37141 | Depths:4 | Noticed a juggernaut
 37204 | Depths:4 | Killed a juggernaut
 37456 | Depths:4 | Received a gift from Trog
 37529 | Depths:4 | Reached skill level 15 in Dodging
 37597 | Depths:4 | Noticed Margery
 37607 | Depths:4 | Killed Margery
 37623 | Depths:4 | Killed the ghostly Margery
 37668 | Depths:4 | Noticed a golden dragon
 37678 | Depths:4 | Killed a golden dragon
 37767 | Depths:4 | Found a gate to the Realm of Zot.
 37922 | Depths:4 | Identified the +1 pair of gloves of Chimes {rElec rF- SInv}
 38646 | Depths:3 | Fell from the grace of Trog
 38646 | Depths:3 | Became a worshipper of the Shining One
 38867 | Crypt:1  | Entered Level 1 of the Crypt
 38886 | Crypt:1  | Noticed Xtahua
 38902 | Crypt:1  | Killed Xtahua
 38903 | Crypt:1  | Reached skill level 1 in Invocations
 38937 | Crypt:1  | Reached XP level 23. HP: 138/240 MP: 23/23
 39060 | Crypt:1  | Reached * piety under the Shining One
 39203 | Crypt:1  | Reached ** piety under the Shining One
 39456 | Crypt:1  | Reached *** piety under the Shining One
 39795 | Crypt:1  | Reached **** piety under the Shining One
 39932 | Crypt:1  | Reached XP level 24. HP: 221/249 MP: 11/26
 40235 | Crypt:2  | Reached ***** piety under the Shining One
 40455 | Crypt:2  | Found a large runed translucent door.
 40455 | Crypt:2  | Found a large runed translucent door.
 40457 | Crypt:2  | Noticed Cigijetz's ghost (veteran MiGl)
 40457 | Crypt:2  | Found the +4 skin of Zhor {*Englaciate rC+++ SInv}
 40457 | Crypt:2  | Found the ring of the Mage {Wiz Archmagi}
 40567 | Crypt:2  | Killed Cigijetz's ghost
 40641 | Crypt:2  | Identified the +3 robe of Huditus {rF+}
 40641 | Crypt:2  | Noticed Boris
 40649 | Crypt:2  | Killed Boris
 40663 | Crypt:2  | Identified the +3 buckler of Generosity {SInv Stlth+}
 41380 | Crypt:3  | Entered Level 3 of the Crypt
 41392 | Crypt:3  | Reached ****** piety under the Shining One
 41458 | Crypt:3  | Found a staircase to the Tomb.
 41559 | Crypt:3  | Noticed a dread lich
 41570 | Crypt:3  | Killed a dread lich
 41783 | Crypt:3  | Noticed Grunn
 41809 | Crypt:3  | Killed Grunn
 41932 | Crypt:3  | Reached skill level 10 in Invocations
 41969 | Crypt:3  | Found a basalt altar of Yredelemnul.
 42147 | Crypt:3  | Identified the ring "Ponae" {Fly rF++ rN++ Will+ Str-5
                  | Int+6}
 42147 | Crypt:3  | Identified the ring "Illuju Lioz" {rF+ rN++ SInv}
 42147 | Crypt:3  | Identified the ring "Soimup" {rPois rF+ rN++ Int-4 Dex+6
                  | Stlth+}
 42190 | Crypt:3  | Identified the +0 pair of gloves of Cocytus {Str+8 Stlth+}
 42191 | Crypt:3  | Identified the staff "Xiaghah" {^Drain rPois rN+ Will+++
                  | rCorr Necro}
 42192 | Crypt:3  | Identified the staff of Terra Cotta {rC+ Will+ Ice Air}
 42910 | D:15     | Identified a +6 broad axe of holy wrath (a +4 broad axe of
                  | flaming blessed by the Shining One)
 42910 | D:15     | Received a gift from the Shining One
 42913 | D:15     | Acquired 356 gold pieces
 43222 | Vaults:5 | Entered Level 5 of the Vaults
 43242 | Vaults:5 | Reached XP level 25. HP: 227/257 MP: 10/30
 43424 | Vaults:5 | Identified the +10 trident of Pauram {drain, rC+ rCorr
                  | Str+5 Int-2}
 43429 | Vaults:5 | Identified the +6 leather armour of the Tormentor {MP+9
                  | Int+6}
 43465 | Vaults:5 | Identified the +0 plate armour of Ladwacza {rN++ Int+4}
 43539 | Vaults:5 | Paralysed by Trog for 3 turns
 43704 | Vaults:5 | Identified the +3 morningstar of the Insatiable Stories
                  | {flame, rN+}
 43705 | Vaults:5 | Identified the +2 mace of Peace {pain, Will+ Int+4 Dex-4
                  | SInv}
 43989 | Vaults:5 | Identified the ring "Onwetz" {rC+ rN+ Dex+6}
 44258 | Vaults:5 | Noticed Sojobo
 44282 | Vaults:5 | Killed Sojobo
 44347 | Vaults:5 | Identified the +8 chain mail "Huomp" {rPois rCorr Dex-5
                  | Slay+6}
 44422 | Vaults:5 | Got a silver rune of Zot
 44441 | Vaults:5 | Got the Cyclopedia of the Underground Squall
 45224 | D:6      | Bought a wand of warping (2) for 57 gold pieces
 45224 | D:6      | Bought a lightning rod (4/4) for 480 gold pieces
 45224 | D:6      | Bought a wand of polymorph (11) for 184 gold pieces
 45224 | D:6      | Bought a Gell's gravitambourine (2/2) for 480 gold pieces
 45754 | Elf:1    | Entered Level 1 of the Elven Halls
 45801 | Elf:1    | Found a crumbling gateway.
 45807 | Desolati | Entered the Desolation of Salt
 45847 | Desolati | Identified the +2 great sword of Beume {pain, *Noise rC+
                  | SInv}
 45868 | Desolati | Got the Secrets of the Grounded Evil Eye
 46025 | Desolati | Got Anuetoth's Directory of Deviated Metal
 46026 | Desolati | Identified the +5 chain mail of Prudence {rElec Int+3
                  | Slay+2}
 46179 | Desolati | Found the +5 Lochaber axe {reach-cleave, Poleaxe ^Drain}
 46218 | Desolati | Identified the orb "Weeles" {*channel, rF+ Str+5 Slay-4}
 46266 | Desolati | Reached skill level 15 in Invocations
 46299 | Desolati | Got the Parchment of Atmospheric Topography
 46909 | Elf:1    | Reached XP level 26. HP: 256/266 MP: 11/33
 47782 | Elf:2    | Found Girgh's Armour Shop.
 47977 | Elf:2    | Paralysed by an air elemental for 1 turns
 47979 | Elf:2    | Paralysed by an air elemental for 1 turns
 48060 | Elf:2    | Found a runed translucent gate.
 48061 | Elf:2    | Found a runed translucent gate.
 48061 | Elf:2    | Found a runed translucent gate.
 49067 | Elf:3    | Entered Level 3 of the Elven Halls
 49101 | Elf:3    | Paralysed by an air elemental for 1 turns
 49775 | Elf:3    | Identified the +4 flail "Giutuq" {freeze, *Noise Fly Will+
                  | Str+3}
 49818 | Elf:3    | Was forgiven by Trog
 49884 | Elf:3    | Got Sif Muna's Vellum of Indurated Cryomancy
 49902 | Elf:3    | Identified the ring "Doqihaa" {rCorr Dex+2}
 49904 | Elf:3    | Identified the +4 scale mail "Dalad" {rN+ Will+ Int+4
                  | Stlth+}
 49907 | Elf:3    | Identified the staff of Quick Death {rElec rN+ Will- Str+3
                  | Necro}
 49933 | Elf:3    | Identified the +7 trident of Akhli Wough {speed, rPois rN+
                  | Str+3 Int-3}
 49950 | Elf:3    | Identified the +2 robe of the Disbelieving Gods {-Cast Fly
                  | rElec Will+++}
 49963 | Elf:3    | Identified the +9 flail "Noutesu" {vamp, *Slow rF+ Str+2
                  | Stlth+}
 51194 | Zot:1    | Entered Level 1 of the Realm of Zot
 51227 | Zot:1    | Noticed an orb of fire
 51243 | Zot:1    | Killed an orb of fire
 53084 | Zot:2    | Reached XP level 27. HP: 216/273 MP: 11/35
 53139 | Zot:2    | You are sucked into a shaft and drop 1 floor!
 53822 | Zot:3    | Noticed an orb of fire
 53841 | Zot:3    | Gained mutation: You are dopey. (Int -2) [an orb of fire]
 53857 | Zot:3    | Killed an orb of fire
 54234 | Zot:3    | Identified the orb "Piggiti" {mayhem, *Slow +Blink rPois}
 54349 | Zot:4    | Identified the ring "Kuxa" {Ice Int+4 Slay+5}
 54349 | Zot:4    | Noticed Josephina
 54433 | Zot:4    | Killed Josephina
 54775 | Zot:4    | Identified the +0 flail of the Haunted God {elec, rElec rF+
                  | Dex+6 Stlth-}
 55226 | Zot:5    | Entered Level 5 of the Realm of Zot
 55871 | Zot:5    | Noticed an orb of fire
 55871 | Zot:5    | Noticed an orb of fire
 55872 | Zot:5    | Noticed an orb of fire
 55872 | Zot:5    | Noticed a dread lich
 55894 | Zot:5    | Killed an orb of fire
 55901 | Zot:5    | Gained mutation: Your magical capacity is low. (-10% MP)
                  | [an orb of fire]
 55906 | Zot:5    | Killed an orb of fire
 55912 | Zot:5    | Gained mutation: You occasionally shout uncontrollably at
                  | your foes. [an orb of fire]
 55919 | Zot:5    | Killed an orb of fire
 55926 | Zot:5    | Killed a dread lich
 55940 | Zot:5    | Noticed an ancient lich
 55946 | Zot:5    | Killed an ancient lich
 55955 | Zot:5    | Noticed an ancient lich
 55966 | Zot:5    | Noticed an ancient lich
 55971 | Zot:5    | Killed an ancient lich
 55982 | Zot:5    | Killed an ancient lich
 56065 | Zot:5    | Noticed an ancient lich
 56096 | Zot:5    | Killed an ancient lich
 57005 | Zot:5    | Lost mutation: You are dopey. (Int -2) [potion of mutation]
 57005 | Zot:5    | Lost mutation: Your magical capacity is low. (-10% MP)
                  | [potion of mutation]
 57005 | Zot:5    | Lost mutation: You occasionally shout uncontrollably at
                  | your foes. [potion of mutation]
 57005 | Zot:5    | Gained mutation: You are clumsy. (Dex -2) [potion of
                  | mutation]
 57005 | Zot:5    | Gained mutation: Your spells are a little harder to cast,
                  | but a little more powerful. [potion of mutation]
 57005 | Zot:5    | Gained mutation: You are strong-willed. (Will+) [potion of
                  | mutation]
 57503 | Tomb:1   | Entered Level 1 of the Tomb of the Ancients
 57709 | Tomb:1   | Noticed a royal mummy
 57721 | Tomb:1   | Killed a royal mummy
 58086 | Tomb:1   | Noticed a royal mummy
 58093 | Tomb:1   | Killed a royal mummy
 58128 | Tomb:1   | Reached skill level 27 in Armour
 58158 | Tomb:1   | Noticed a royal mummy
 58166 | Tomb:1   | Killed a royal mummy
 58167 | Tomb:1   | Reached skill level 27 in Shields
 58391 | Tomb:2   | Noticed a royal mummy
 58391 | Tomb:2   | Noticed Mennas
 58394 | Tomb:2   | Noticed a royal mummy
 58399 | Tomb:2   | Identified the +3 robe "Nadacw" {Int+2}
 58399 | Tomb:2   | Noticed Boris
 58413 | Tomb:2   | Killed Boris
 58418 | Tomb:2   | Noticed a royal mummy
 58450 | Tomb:2   | Killed a royal mummy
 58453 | Tomb:2   | Killed a royal mummy
 58467 | Tomb:1   | Noticed a royal mummy
 58470 | Tomb:1   | Noticed a royal mummy
 58472 | Tomb:1   | HP: 12/273 [royal mummy/divine providence (14)]
 58476 | Tomb:1   | Noticed a royal mummy
 59035 | Hell     | Entered the Vestibule of Hell
 59035 | Hell     | Noticed Geryon
 59050 | Hell     | Killed Geryon
 59250 | Hell     | Found a gateway to the Iron City of Dis.
 59379 | Hell     | Found a gateway to the freezing wastes of Cocytus.
 59488 | Hell     | Found a gateway to the decaying netherworld of Tartarus.
 59581 | Hell     | Found a gateway to the ashen valley of Gehenna.
 59756 | Depths:3 | Voluntarily entered the Abyss.
 59765 | Abyss:1  | Found a corrupted altar of Lugonu.
 60035 | Abyss:1  | Gained mutation: Your magical capacity is low. (-10% MP) [a
                  | cacodemon]
 60191 | Abyss:2  | Found a corrupted altar of Lugonu.
 60202 | Abyss:2  | Found a corrupted altar of Lugonu.
 60219 | Abyss:2  | Found a corrupted altar of Lugonu.
 60398 | Abyss:3  | Found a corrupted altar of Lugonu.
 60862 | Abyss:3  | Found a corrupted altar of Lugonu.
 60910 | Abyss:3  | Found a corrupted altar of Lugonu.
 61013 | Abyss:3  | Got an abyssal rune of Zot
 61214 | Depths:3 | Escaped the Abyss
 61508 | Slime:1  | Entered Level 1 of the Pits of Slime
 61510 | Slime:1  | Gained mutation: You sometimes lose your temper in combat.
                  | [a shining eye]
 61512 | Slime:1  | Gained mutation: You are very clumsy. (Dex -4) [a shining
                  | eye]
 61516 | Slime:1  | Gained mutation: Your magical capacity is very low. (-20%
                  | MP) [a shining eye]
 61519 | Slime:1  | Gained mutation: You are frail. (-10% HP) [a shining eye]
 62046 | Slime:1  | Lost mutation: Your spells are a little harder to cast, but
                  | a little more powerful. [potion of mutation]
 62046 | Slime:1  | Lost mutation: You are strong-willed. (Will+) [potion of
                  | mutation]
 62046 | Slime:1  | Lost mutation: You sometimes lose your temper in combat.
                  | [potion of mutation]
 62046 | Slime:1  | Lost mutation: You are very clumsy. (Dex -4) [potion of
                  | mutation]
 62046 | Slime:1  | Gained mutation: Your natural rate of healing is unusually
                  | fast. [potion of mutation]
 62046 | Slime:1  | Gained mutation: You have a pair of large horns on your
                  | head. [potion of mutation]
 62377 | Slime:3  | Gained mutation: Your magical capacity is extremely low.
                  | (-30% MP) [a shining eye]
 62382 | Slime:3  | Gained mutation: You sometimes lose your temper in combat.
                  | [a shining eye]
 63749 | Slime:3  | Noticed Dissolution
 63758 | Slime:3  | Killed Dissolution
 64530 | Slime:5  | Entered Level 5 of the Pits of Slime
 64613 | Slime:5  | Found a viscous altar of Jiyva.
 64615 | Slime:5  | Noticed the Royal Jelly
 65074 | Slime:5  | Killed the Royal Jelly
 65075 | Slime:5  | Reached skill level 27 in Invocations
 65370 | Slime:5  | Identified the staff "Widowmaker" {rC- Dex+5 Earth}
 65398 | Slime:5  | Identified the +5 halberd of Tartarus {spect, rC+ rN+
                  | Int+2}
 65407 | Slime:5  | Got a slimy rune of Zot
 65412 | Slime:5  | Identified the ring "Dymaunya" {rPois Will+++ Str+8 Dex-5}
 65421 | Slime:5  | Got the Codex of the Wendigo and Earth
 66329 | Slime:5  | Acquired 834 gold pieces
 66854 | Tomb:1   | Lost mutation: You have a pair of large horns on your head.
                  | [potion of mutation]
 66854 | Tomb:1   | Lost mutation: You are clumsy. (Dex -2) [potion of
                  | mutation]
 66854 | Tomb:1   | Lost mutation: Your magical capacity is extremely low.
                  | (-30% MP) [potion of mutation]
 66854 | Tomb:1   | Gained mutation: You are dopey. (Int -2) [potion of
                  | mutation]
 66854 | Tomb:1   | Lost mutation: You sometimes lose your temper in combat.
                  | [potion of mutation]
 66854 | Tomb:1   | Gained mutation: You occasionally lose the ability to drink
                  | potions when taking damage. [potion of mutation]
 66854 | Tomb:1   | Gained mutation: You have sharp toenails. [potion of
                  | mutation]
 66856 | Tomb:1   | Lost mutation: You are dopey. (Int -2) [potion of mutation]
 66856 | Tomb:1   | Lost mutation: You occasionally lose the ability to drink
                  | potions when taking damage. [potion of mutation]
 66856 | Tomb:1   | Lost mutation: You are frail. (-10% HP) [potion of
                  | mutation]
 66856 | Tomb:1   | Gained mutation: You are weak. (Str -2) [potion of
                  | mutation]
 66856 | Tomb:1   | Gained mutation: Your magical capacity is extremely low.
                  | (-30% MP) [potion of mutation]
 66856 | Tomb:1   | Lost mutation: Your magical capacity is extremely low.
                  | (-30% MP) [potion of mutation]
 66857 | Tomb:1   | Lost mutation: Your natural rate of healing is unusually
                  | fast. [potion of mutation]
 66857 | Tomb:1   | Lost mutation: Your magical capacity is very low. (-20% MP)
                  | [potion of mutation]
 66857 | Tomb:1   | Lost mutation: Your magical capacity is low. (-10% MP)
                  | [potion of mutation]
 66857 | Tomb:1   | Gained mutation: You are robust. (+10% HP) [potion of
                  | mutation]
 66857 | Tomb:1   | Gained mutation: You are vulnerable to cold. (rC-) [potion
                  | of mutation]
 66857 | Tomb:1   | Gained mutation: You have sharp fingernails. [potion of
                  | mutation]
 66858 | Tomb:1   | Lost mutation: You are vulnerable to cold. (rC-) [potion of
                  | mutation]
 66858 | Tomb:1   | Lost mutation: You are robust. (+10% HP) [potion of
                  | mutation]
 66858 | Tomb:1   | Gained mutation: You have hidden genetic potential. [potion
                  | of mutation]
 67044 | Tomb:2   | Noticed a royal mummy
 67055 | Tomb:2   | Killed Mennas
 67055 | Tomb:2   | Killed a royal mummy
 67056 | Tomb:2   | Reached skill level 1 in Evocations
 67072 | Tomb:2   | Killed a royal mummy
 67462 | Tomb:1   | Killed a royal mummy
 67491 | Tomb:1   | Noticed a royal mummy
 67496 | Tomb:1   | Killed a royal mummy
 67573 | Tomb:1   | Noticed a royal mummy
 67587 | Tomb:1   | Killed a royal mummy
 67641 | Tomb:1   | Noticed a royal mummy
 67645 | Tomb:1   | Noticed a royal mummy
 67649 | Tomb:1   | Noticed a royal mummy
 67650 | Tomb:1   | Killed a royal mummy
 67655 | Tomb:1   | Killed a royal mummy
 67656 | Tomb:1   | Killed a royal mummy
 67833 | Tomb:1   | Noticed a royal mummy
 67841 | Tomb:1   | Killed a royal mummy
 67872 | Tomb:1   | Killed a royal mummy
 67872 | Tomb:1   | Noticed a royal mummy
 67884 | Tomb:1   | Killed a royal mummy
 67939 | Tomb:1   | Noticed a royal mummy
 67946 | Tomb:1   | Killed a royal mummy
 68072 | Tomb:1   | Noticed a royal mummy
 68081 | Tomb:1   | Killed a royal mummy
 68088 | Tomb:1   | Killed a royal mummy
 68121 | Tomb:1   | Noticed a royal mummy
 68162 | Tomb:1   | Killed a royal mummy
 68168 | Tomb:1   | Noticed a royal mummy
 68178 | Tomb:1   | Noticed a royal mummy
 68181 | Tomb:1   | Killed a royal mummy
 68182 | Tomb:1   | Reached skill level 5 in Evocations
 68187 | Tomb:1   | Noticed a royal mummy
 68188 | Tomb:1   | Noticed a royal mummy
 68192 | Tomb:1   | Killed a royal mummy
 68204 | Tomb:1   | Killed a royal mummy
 68206 | Tomb:1   | Killed a royal mummy
 68226 | Tomb:1   | Noticed a royal mummy
 68231 | Tomb:1   | Killed a royal mummy
 68501 | Tomb:2   | Paralysed by a Zot trap for 3 turns
 68937 | Tomb:3   | Entered Level 3 of the Tomb of the Ancients
 68963 | Tomb:3   | Noticed a royal mummy
 68977 | Tomb:3   | Noticed a royal mummy
 68978 | Tomb:3   | Noticed a royal mummy
 68980 | Tomb:3   | Noticed a royal mummy
 68985 | Tomb:3   | Killed a royal mummy
 68985 | Tomb:3   | Killed a royal mummy
 68989 | Tomb:3   | Noticed a royal mummy
 68992 | Tomb:3   | Killed a royal mummy
 68993 | Tomb:3   | Noticed a royal mummy
 68994 | Tomb:3   | Lost mutation: You are weak. (Str -2) [hidden potential]
 68997 | Tomb:3   | Killed a royal mummy
 68998 | Tomb:3   | Killed a royal mummy
 68998 | Tomb:3   | Noticed a royal mummy
 68999 | Tomb:3   | Noticed a royal mummy
 69001 | Tomb:3   | Noticed a royal mummy
 69003 | Tomb:3   | Killed a royal mummy
 69005 | Tomb:3   | Killed a royal mummy
 69007 | Tomb:3   | Killed a royal mummy
 69015 | Tomb:3   | Killed a royal mummy
 69161 | Tomb:3   | Identified the ring "Unecredd" {MP+9 Int+7 Dex+5 Stlth-}
 69173 | Tomb:3   | Got a golden rune of Zot
 69274 | Tomb:3   | Identified the +4 flail "Ynoruo" {freeze, Fly rElec rF+
                  | MP+9 SInv}
 69415 | Tomb:3   | Identified the ring of Iqalisikh {Fire Fly rN+ Int+2}
 69417 | Tomb:3   | Identified the ring of the Original Sin {rElec rF+ Dex+3}
 69417 | Tomb:3   | Found the +8 autumn katana {manifold assault}
 69449 | Tomb:3   | Identified the +1 short sword "Riczadorr" {freeze, Str+3}
 69453 | Tomb:3   | Identified the +5 trident of Success {drain, *Noise rF+
                  | rC+}
 69454 | Tomb:3   | Identified the +0 pair of gloves of the Fife {+Inv Will+}
 69458 | Tomb:3   | Identified the ring "Canuclau" {AC+4 Int+4}
 69473 | Tomb:3   | Identified the +4 bardiche "Killer Bee's Peril" {flame,
                  | rCorr Int+4}
 69490 | Tomb:3   | Identified the +1 morningstar of Odiosoor {vamp, Stlth+}
 69495 | Tomb:3   | Identified the +7 whip of Aceoh {vamp, Str+4}
 71109 | Pan      | Entered Pandemonium
 71141 | Pan      | Noticed Atzutywo the pandemonium lord
 71159 | Pan      | Killed Atzutywo the pandemonium lord
 71170 | Pan      | Identified the +2 war axe "Xutzanul" {pain, rElec Str+5
                  | Int-4}
 71281 | Pan      | Reached skill level 10 in Evocations
 71298 | Pan      | Gained mutation: Your body sometimes deteriorates upon
                  | taking damage. [a cacodemon]
 71320 | Pan      | Found an exit through the horrors of the Abyss.
 71410 | Pan      | Entered the realm of Gloorx Vloq.
 71517 | Pan      | Noticed Gloorx Vloq
 71835 | Pan      | Identified the +5 chain mail of the Stonemason {Str+3
                  | Int+3}
 72267 | Pan      | Killed Gloorx Vloq
 72419 | Pan      | Got a dark rune of Zot
 72764 | Pan      | Got Hughi Pext's Encyclopedia of Crystallized Kindling
 72774 | Pan      | Gained mutation: You are occasionally teleported next to
                  | monsters. [a neqoxec]
 72951 | Pan      | Identified the +7 sling of Yredelemnul, Keeping {elec,
                  | Dex+3}
 73033 | Pan      | Found an exit through the horrors of the Abyss.
 73073 | Pan      | Noticed Veogh the pandemonium lord
 73538 | Pan      | Gained mutation: Your mind is acute. (Int +4, Str/Dex -1)
                  | [hidden potential]
 73538 | Pan      | Lost mutation: You have hidden genetic potential. [hidden
                  | potential expressed]
 73619 | Pan      | Killed Veogh the pandemonium lord
 73637 | Pan      | Got a demonic rune of Zot
 73717 | Pan      | Took an exit into the Abyss.
 73717 | Abyss:3  | Escaped into the Abyss
 73717 | Abyss:3  | Found a corrupted altar of Lugonu.
 73717 | Abyss:3  | Found a corrupted altar of Lugonu.
 73757 | Depths:2 | Escaped the Abyss
 73826 | Depths:2 | Lost mutation: You are occasionally teleported next to
                  | monsters. [potion of mutation]
 73826 | Depths:2 | Lost mutation: Your body sometimes deteriorates upon taking
                  | damage. [potion of mutation]
 73826 | Depths:2 | Lost mutation: You have sharp fingernails. [potion of
                  | mutation]
 73826 | Depths:2 | Gained mutation: Your muscles are strong. (Str +4, Int/Dex
                  | -1) [potion of mutation]
 73828 | Pan      | Entered Pandemonium
 73835 | Pan      | Gained mutation: Your flesh is cold resistant. (rC+) [a
                  | cacodemon]
 73925 | Pan      | Noticed Dull the pandemonium lord
 73930 | Pan      | Killed Dull the pandemonium lord
 74200 | Depths:2 | Escaped Pandemonium
 74202 | Pan      | Entered Pandemonium
 74202 | Pan      | Found an exit through the horrors of the Abyss.
 74217 | Pan      | Noticed Porchetu the pandemonium lord
 74227 | Pan      | Killed Porchetu the pandemonium lord
 74491 | Pan      | Found an exit through the horrors of the Abyss.
 74495 | Depths:2 | Escaped Pandemonium
 74497 | Pan      | Entered Pandemonium
 74497 | Pan      | Found a glowing golden altar of the Shining One.
 74498 | Pan      | Noticed a seraph
 74506 | Pan      | Killed a seraph
 74543 | Pan      | Reached skill level 27 in Dodging
 74558 | Pan      | Identified the +0 hand axe "Siomis" {elec, rF+ rC+}
 74562 | Pan      | Got the Treatise on Flaming Attacks
 74564 | Pan      | Identified the +6 hand axe "Asyrod" {heavy, rF+ Dex+3
                  | Stlth+}
 74830 | Depths:2 | Escaped Pandemonium
 74832 | Pan      | Entered Pandemonium
 74832 | Pan      | Found an ancient bone altar of Kikubaaqudgha.
 75066 | Pan      | Reached skill level 15 in Evocations
 75173 | Pan      | Noticed Qugip the pandemonium lord
 75188 | Pan      | Killed Qugip the pandemonium lord
 75199 | Pan      | Found an exit through the horrors of the Abyss.
 75204 | Pan      | Noticed Laleusyu the pandemonium lord
 75218 | Pan      | Killed Laleusyu the pandemonium lord
 75295 | Pan      | Entered the realm of Lom Lobon.
 75434 | Pan      | Acquired a manual of Translocations
 75500 | Pan      | Found an exit through the horrors of the Abyss.
 75555 | Pan      | Reached skill level 1 in Spellcasting
 76141 | Pan      | Noticed Lom Lobon
 76282 | Pan      | Learned a level 5 spell: Silence
 76322 | Pan      | Killed Lom Lobon
 76548 | Pan      | Got a magical rune of Zot
 76877 | Pan      | Found an opulent altar of Gozag.
 76878 | Pan      | Found Nidoekul's Book Boutique.
 76902 | Pan      | Noticed a dread lich
 76905 | Pan      | Killed a dread lich
 76925 | Pan      | Found an opulent altar of Gozag.
 76939 | Pan      | Found Nidoekul's Quality Elixirs.
 76948 | Pan      | Noticed Nidoekul the pandemonium lord
 76951 | Pan      | Found an opulent altar of Gozag.
 76956 | Pan      | Found Nidoekul's Rarities Warehouse.
 76969 | Pan      | Killed Nidoekul the pandemonium lord
 76984 | Pan      | Found Nidoekul's Assorted Sundries.
 77049 | Pan      | Bought a potion of heal wounds for 80 gold pieces
 77049 | Pan      | Bought a potion of might for 64 gold pieces
 77049 | Pan      | Bought a potion of ambrosia for 128 gold pieces
 77158 | Pan      | Bought a manual of Air Magic for 1840 gold pieces
 77158 | Pan      | Bought a book of the Wilderness for 874 gold pieces
 77213 | Pan      | Bought a potion of magic for 144 gold pieces
 77213 | Pan      | Bought a potion of magic for 144 gold pieces
 77213 | Pan      | Bought a potion of haste for 180 gold pieces
 77213 | Pan      | Bought a potion of heal wounds for 90 gold pieces
 77213 | Pan      | Bought a potion of heal wounds for 90 gold pieces
 77213 | Pan      | Bought a potion of magic for 144 gold pieces
 77213 | Pan      | Bought a potion of might for 72 gold pieces
 77213 | Pan      | Bought 2 potions of might for 144 gold pieces
 77213 | Pan      | Bought a potion of resistance for 180 gold pieces
 77213 | Pan      | Bought a potion of resistance for 180 gold pieces
 77213 | Pan      | Bought a potion of mutation for 144 gold pieces
 77279 | Pan      | Entered the realm of Cerebov.
 77338 | Pan      | Identified the +12 battleaxe "Zesas" {elec, rF- rC++ Dex+3}
 77347 | Pan      | Reached skill level 5 in Spellcasting
 77565 | Pan      | Identified the +12 plate armour of Conscience {rElec Will+
                  | Stlth-}
 77611 | Pan      | Identified the +0 robe of an ossuary {rN+ Archmagi}
 77653 | Pan      | Got Enomad's Compilation of Accelerants
 77656 | Pan      | Got the Teachings on Frosty Distillation
 77666 | Pan      | Found the +6 sword of Cerebov {flame}
 77666 | Pan      | Noticed Cerebov
 77690 | Pan      | Killed Cerebov
 77701 | Pan      | Got a fiery rune of Zot
 77852 | Pan      | Identified the ring of Pesi Lyosmemm {Ice Will+ Stlth+}
 77855 | Pan      | Got Improving Your Wizarding
 77924 | Pan      | Found an exit through the horrors of the Abyss.
 78317 | Pan      | Entered the realm of Mnoleg.
 78366 | Pan      | Gained mutation: You occasionally lose the ability to drink
                  | potions when taking damage. [a cacodemon]
 78646 | Pan      | Gained mutation: Your body sometimes deteriorates upon
                  | taking damage. [a neqoxec]
 78912 | Pan      | Gained mutation: Your magical capacity is low. (-10% MP) [a
                  | cacodemon]
 78926 | Pan      | Found an exit through the horrors of the Abyss.
 79032 | Pan      | Lost mutation: Your mind is acute. (Int +4, Str/Dex -1) [a
                  | shining eye]
 79036 | Pan      | Gained mutation: You are clumsy. (Dex -2) [a shining eye]
 79173 | Pan      | Gained mutation: You are frail. (-10% HP) [a cacodemon]
 79174 | Pan      | Noticed Mnoleg
 79189 | Pan      | Killed Mnoleg
 79423 | Pan      | Got a glowing rune of Zot
 79520 | Pan      | Took an exit into the Abyss.
 79520 | Abyss:3  | Escaped into the Abyss
 79520 | Abyss:3  | Found a corrupted altar of Lugonu.
 79567 | Abyss:3  | Noticed an ancient lich
 79574 | Abyss:3  | Killed an ancient lich
 79598 | Depths:2 | Escaped the Abyss
 79599 | Depths:2 | Lost mutation: Your body sometimes deteriorates upon taking
                  | damage. [potion of mutation]
 79599 | Depths:2 | Lost mutation: You occasionally lose the ability to drink
                  | potions when taking damage. [potion of mutation]
 79599 | Depths:2 | Lost mutation: You are frail. (-10% HP) [potion of
                  | mutation]
 79599 | Depths:2 | Gained mutation: You have a somewhat thin skeletal
                  | structure. (Dex +2, Stealth+) [potion of mutation]
 79599 | Depths:2 | Gained mutation: You expend magic power (3 MP) to
                  | strengthen your wands. [potion of mutation]
 79600 | Depths:2 | Lost mutation: Your flesh is cold resistant. (rC+) [potion
                  | of mutation]
 79600 | Depths:2 | Lost mutation: Your muscles are strong. (Str +4, Int/Dex
                  | -1) [potion of mutation]
 79600 | Depths:2 | Lost mutation: You expend magic power (3 MP) to strengthen
                  | your wands. [potion of mutation]
 79600 | Depths:2 | Gained mutation: You passively map a small area around you.
                  | [potion of mutation]
 79600 | Depths:2 | Gained mutation: You are weak. (Str -2) [potion of
                  | mutation]
 79601 | Depths:2 | Lost mutation: You are clumsy. (Dex -2) [potion of
                  | mutation]
 79601 | Depths:2 | Lost mutation: Your magical capacity is low. (-10% MP)
                  | [potion of mutation]
 79601 | Depths:2 | Lost mutation: You passively map a small area around you.
                  | [potion of mutation]
 79601 | Depths:2 | Gained mutation: You occasionally lose the ability to drink
                  | potions when taking damage. [potion of mutation]
 79601 | Depths:2 | Gained mutation: Your system is resistant to poisons.
                  | (rPois) [potion of mutation]
 79602 | Depths:2 | Lost mutation: You have a somewhat thin skeletal structure.
                  | (Dex +2, Stealth+) [potion of mutation]
 79602 | Depths:2 | Lost mutation: You have sharp toenails. [potion of
                  | mutation]
 79602 | Depths:2 | Lost mutation: You occasionally lose the ability to drink
                  | potions when taking damage. [potion of mutation]
 79602 | Depths:2 | Lost mutation: You are weak. (Str -2) [potion of mutation]
 79602 | Depths:2 | Gained mutation: Your spells are a little harder to cast,
                  | but a little more powerful. [potion of mutation]
 79675 | Geh:1    | Entered Level 1 of Gehenna
 80604 | Geh:5    | Noticed an ancient lich
 80613 | Geh:5    | Killed an ancient lich
 80624 | Geh:5    | You are sucked into a shaft and drop 1 floor!
 81011 | Geh:7    | Entered Level 7 of Gehenna
 81158 | Geh:7    | Noticed the Serpent of Hell
 81164 | Geh:7    | Killed the Serpent of Hell
 81247 | Geh:7    | Identified the +10 falchion "Hell-Harrower" {drain, rCorr
                  | Stlth+}
 81434 | Geh:7    | Found the +13 sceptre of Asmodeus
 81434 | Geh:7    | Noticed Asmodeus
 81453 | Geh:7    | Killed Asmodeus
 81523 | Geh:7    | Found the +7 great mace "Undeadhunter" {deathbane, rN+}
 81536 | Geh:7    | Got an obsidian rune of Zot
 81539 | Geh:7    | Identified the +7 war axe of the People {flame, rC+ rCorr
                  | MP+9}
 81752 | Geh:7    | Identified the +5 glaive of Actus Reus {freeze, Int+3}
 83126 | Coc:1    | Entered Level 1 of Cocytus
 83201 | Coc:1    | Paralysed by a wendigo for 1 turns
 83454 | Coc:2    | Paralysed by a wendigo for 1 turns
 83495 | Coc:2    | Noticed a dread lich
 83505 | Coc:2    | Killed a dread lich
 83665 | Coc:3    | Reached skill level 10 in Spellcasting
 83714 | Coc:3    | Paralysed by a wendigo for 1 turns
 84264 | Coc:4    | Paralysed by a wendigo for 1 turns
 84270 | Coc:4    | Paralysed by a wendigo for 1 turns
 84694 | Coc:5    | Paralysed by a wendigo for 1 turns
 84704 | Coc:5    | Paralysed by a wendigo for 1 turns
 84754 | Coc:5    | Paralysed by a wendigo for 1 turns
 84857 | Coc:5    | Paralysed by a wendigo for 1 turns
 85075 | Coc:5    | Noticed a dread lich
 85346 | Coc:5    | Killed a dread lich
 85701 | Coc:7    | Entered Level 7 of Cocytus
 85707 | Coc:7    | Paralysed by a wendigo for 1 turns
 85715 | Coc:7    | Paralysed by a wendigo for 1 turns
 85730 | Coc:7    | Paralysed by a wendigo for 1 turns
 86255 | Coc:7    | Noticed Antaeus
 86273 | Coc:7    | Killed Antaeus
 86545 | Coc:7    | Paralysed by a wendigo for 1 turns
 86580 | Coc:7    | Paralysed by a wendigo for 1 turns
 86583 | Coc:7    | Paralysed by a wendigo for 1 turns
 86604 | Coc:7    | Paralysed by a wendigo for 1 turns
 86643 | Coc:7    | Identified the amulet of Qieneux {Acrobat +Blink Regen+
                  | Dex+3}
 86750 | Coc:7    | Identified the +1 hand axe of the Owl {flame, rElec Int+3}
 86911 | Coc:7    | Paralysed by a wendigo for 1 turns
 87105 | Coc:7    | Got an icy rune of Zot
 87265 | Coc:7    | Paralysed by a wendigo for 1 turns
 87275 | Coc:7    | Paralysed by a wendigo for 1 turns
 87513 | Tar:1    | Entered Level 1 of Tartarus
 87675 | Tar:1    | You are sucked into a shaft and drop 1 floor!
 88043 | Tar:2    | Noticed an ancient lich
 88050 | Tar:2    | Killed an ancient lich
 88466 | Tar:4    | Reached skill level 27 in Evocations
 88544 | Tar:4    | Noticed Jory
 88564 | Tar:4    | Paralysed by a vampire knight for 4 turns
 88571 | Tar:4    | Killed Jory
 89124 | Tar:4    | Learned a level 2 spell: Blink
 89580 | Tar:6    | Reached skill level 15 in Spellcasting
 90017 | Tar:7    | Entered Level 7 of Tartarus
 90207 | Tar:7    | Noticed a dread lich
 90212 | Tar:7    | Paralysed by a dread lich for 5 turns
 90221 | Tar:7    | Killed a dread lich
 90222 | Tar:7    | Noticed a dread lich
 90430 | Tar:7    | Killed a dread lich
 90615 | Tar:7    | Identified the +2 war axe of Nuogo {drain, Dex+4}
 90616 | Tar:7    | Identified the staff "Allaihuxi" {Fly rPois Alchemy}
 90631 | Tar:7    | Found the +3 pair of seven-league boots {Rampage+∞}
 90634 | Tar:7    | Identified the +7 longbow of Propriety {drain, Int+3 Dex+2}
 90635 | Tar:7    | Identified the +11 short sword "Jyaher" {flame, rN+++ Str-3
                  | Int-5 Dex+4}
 90636 | Tar:7    | Identified the +2 helmet of Rean {+Inv rF+ Int-2 SInv}
 90637 | Tar:7    | Identified the staff of the Nexus {rElec MP+9 Int+4 Air}
 90904 | Tar:7    | Noticed an ancient lich
 90926 | Tar:7    | Killed an ancient lich
 91006 | Tar:7    | Noticed Ereshkigal
 91018 | Tar:7    | Killed Ereshkigal
 91172 | Tar:7    | Got a bone rune of Zot
 91476 | Tar:7    | Identified the amulet of Kiddaim {Regen+ RegenMP+ Str+4
                  | Dex-2}
 91489 | Tar:7    | Identified the +3 scale mail "Cadwid" {Str+2 Int+3 Dex+2}
 91750 | Tar:7    | Identified the +1 long sword "Hebaojyb" {pain, ^Fragile
                  | rCorr Int+3 Dex+3}
 92021 | Tar:7    | Identified the ring of Biggux {rElec SInv Stlth+}
 92027 | Tar:7    | Identified the amulet "Uleneug" {Spirit Str+2 Int+5 Stlth-}
 92229 | Dis:1    | Entered Level 1 of the Iron City of Dis
 92755 | Dis:3    | Noticed an ancient lich
 92777 | Dis:3    | Killed an ancient lich
 93924 | Dis:7    | Entered Level 7 of the Iron City of Dis
 95158 | Dis:7    | Got Exei's Quarto of Snowing Burning
 95298 | Dis:7    | Identified the +7 trident of Midnight {freeze, *Rage Fly
                  | rElec Int+5}
 95301 | Dis:7    | Identified the +4 scale mail "Ynuroi" {Rampage *Corrode rC+
                  | Str+2}
 95613 | Dis:7    | Noticed Dispater
 95634 | Dis:7    | Killed Dispater
 95668 | Dis:7    | Got the Discourse on Coordinates and Stones
 95670 | Dis:7    | Got an iron rune of Zot
 95759 | Dis:7    | Identified the staff of Detzal {rElec rPois Air}
 95760 | Dis:7    | Identified the storm talisman "Dymaclott" {rN+ Dex+2}
 95762 | Dis:7    | Got the Atlas of Injury
 96228 | Zot:5    | Got the Orb of Zot
 96322 | Depths:4 | Identified the +2 robe of Atheism {Harm}
 96322 | Depths:4 | Noticed Boris
 96326 | Depths:4 | Killed Boris
 96743 | D:6      | Identified the +4 robe of the Baleful Wumpus {rPois rF+}
 96743 | D:6      | Noticed Boris
 96750 | D:6      | Killed Boris
 96837 | D:$      | Escaped with the Orb!

Illustrated notes

Levels and vault maps discovered:
D:1:      spicycebolla_arrival_risky_transporter, layout_basic, glass_columns_c
D:2:      layout_rooms
D:3:      layout_basic, uniq_grinder
D:4:      layout_cave_pods, corexii_item_surrounded_by_moat,
          hangedman_decor_lopped
D:5:      layout_basic, minmay_temple_entry_glassed_door, saegor_snake_ambush
D:6:      kennysheep_windowed_halls, layout_cave_pools,
          gammafunk_ghost_abyssal_escape, nicolae_shop_gadgets, uniq_pikel,
          uniq_eustachio
D:7:      due_chaos_kobolds, layout_loops_ring, kennysheep_another_room
D:8:      layout_basic, nemelex_spade_bored_becter, minmay_splitting_lines
D:9:      layout_roguey, erik_lair_island, minmay_orc_entry_guard_dogs
D:10:     layout_basic, mainiacjoe_overflow_paths,
          nicolae_trove_entry_crossroad, nicolae_transporter_intersection,
          uniq_amaemon
D:11:     minmay_coctagon, layout_long_grid, dk_noncrumbling_4
D:12:     minmay_elf_outpost, layout_basic, zin_academy
D:13:     layout_basic, david_vaults_4, serial_shops, kennysheep_little_box,
          nicolae_eternal_life
D:14:     layout_basic, serial_bayou_pond_b, amethyst_killhole
D:15:     gammafunk_depths_entry_grave, layout_loops_cross,
          minmay_crystal_water, ebering_ghost_xom, nicolae_shop_self_help
Temple:   mainiacjoe_temple_big_plus
Lair:1:   layout_roguey
Lair:2:   layout_hall_layers, swamp_mist_pool, nicolae_snake_entry_warm_welcome,
          infiniplex_staircase_pool_2
Lair:3:   layout_long_grid, lemuel_fruit_fields
Lair:4:   layout_big_grid, cheibrodos_lair_caveside_slide, grunt_megastairs_2,
          serial_bayou_shore_a, uniq_urug
Lair:5:   wormcave, layout_small_grid, hangedman_lair_in_review,
          nicolae_slime_entry_field_trip, serial_forest,
          infiniplex_forest_lined_2, infiniplex_forest_clump_medium,
          infiniplex_forest_clump_medium, infiniplex_forest_straight_2,
          infiniplex_forest_lined_corner, infiniplex_forest_straight_4,
          infiniplex_forest_straight_2, infiniplex_forest_clump_cross,
          portal_ice_cave_entry_pillars_2, pdpol_lair_cabin_in_the_woods
Swamp:1:  layout_basic_swamp, nicolae_swamp_some_circles, uniq_louise,
          uniq_jorgrun
Swamp:2:  layout_basic_swamp, evilmike_swamp_ruin_house_5
Swamp:3:  layout_basic_swamp, nicolae_swamp_trees_clearing, swamp_pool_5,
          hangedman_swamp_diagram
Swamp:4:  swamp_old_school, layout_basic_swamp
Snake:1:  layout_misc_corridors, basic_altar, uniq_aizul
Snake:2:  gammafunk_sealed_arena, layout_honeycomb, minmay_snake_pond
Snake:3:  layout_chambers, grunt_ministairs_2, nicolae_snake_lava_pool
Snake:4:  snake_pit_salamanders_mu, layout_onion_interference, uniq_mlioglotl
Slime:1:  layout_caves
Slime:2:  layout_caves
Slime:3:  layout_caves, uniq_dissolution
Slime:4:  layout_caves, cheibrodos_slime_lost_civilization_4
Slime:5:  slime_pit_nicolae_block_by_block
Orc:1:    cheibrodos_orc_bank, layout_diamond_mine, guppyfry_library_mini
Orc:2:    st_orc_rangers, layout_caves, basic_altar,
          nicolae_volcano_entry_batcave
Elf:1:    eino_elf_arrival_shootout, layout_loops_ring,
          portal_desolation_entry_nicolae_forbidding_blocks,
          hangedman_elven_crosses_minicolossus, dreamdust_mushroom_princess,
          hangedman_elf_simple_split, grunt_ministairs_6, st_stairs_6,
          nicolae_elf_vaults_five_recruitment_drive
Elf:2:    nicolae_elf_blades_crystal_corner, layout_loops_cross, serial_shops,
          nicolae_shop_scrapyard
Elf:3:    minmay_elf_hall_four_x, layout_gridlike, st_stairs_6
Vaults:1: vaults_standard_mumra_lines, nicolae_vaults_big_angled_halls,
          nicolae_vaults_closet_pinwheel_5, nicolae_vaults_inception_corners,
          vaults_dpeg_hooks, ontoclasm_vaults_chip, v_misc_5, v_misc_1,
          nicolae_vaults_tetromino_T_1, layout_vaults_maze_bifur, serial_shops,
          shop_fountains
Vaults:2: vaults_dpeg_diagonal, nicolae_vaults_closet_pinwheel_6,
          nicolae_vaults_wrenched, nicolae_vaults_six-pack,
          nicolae_vaults_storage_room_statues, nicolae_vaults_tetromino_T_2,
          v_misc_26, hangedman_vaults_pinch, nicolae_vaults_three_branches,
          nicolae_vaults_apartment_1, nicolae_vaults_trapezoid_lopsided_1,
          nicolae_vaults_trapezoid_lopsided_2, nicolae_vaults_diamond_1,
          serial_ice_h, vaults_room_fancy_cross, layout_vaults_omnicross
Vaults:3: gammafunk_ghost_grave, nicolae_vaults_cornered_office,
          nicolae_vaults_what_the_h, v_alt_pattern_6, nicolae_vaults_shock_wave,
          nicolae_vaults_trapezoid_2, nicolae_vaults_cornered_office,
          minmay_crypt_entry_simple_sparse, nicolae_vaults_variable_pillar_hall,
          nicolae_vaults_more_shelving_1, v_misc_27, v_misc_17,
          layout_vaults_ring, serial_shops, nicolae_shop_statue_plus
Vaults:4: nicolae_vaults_tangram_1, nicolae_vaults_specimen_jars,
          ontoclasm_vaults_ligature, nicolae_vaults_windows_and_doors_thing,
          nicolae_vaults_closet_pinwheel_1, serial_ice_b,
          dpeg_vaults_monster_row, layout_vaults_big_room
Vaults:5: uniq_sojobo
Crypt:1:  layout_regular_city, palyth_stone_intersect,
          grunt_crypt_arrival_split, uniq_xtahua
Crypt:2:  layout_regular_city, ebering_ghost_disaster_area, grunt_megastairs_3
Crypt:3:  church_of_pain_bobbens, layout_chaotic_city,
          tomb_entry_simple_bobbens, st_stairs_4, glass_columns_a,
          ebering_dispersal_statue_hall, serial_library_hellmonk_secret_room,
          uniq_grunn
Tomb:1
Tomb:2:   uniq_mennas
Tomb:3
Depths:1: layout_twisted_cross, hell_entry, nrook_pool_corridor, st_stairs_4,
          serial_sigils_hangedman_etch, nicolae_rare_books, moated_statue,
          dk_noncrumbling_2, nicolae_figureground_pulse
Depths:2: minmay_slanted_spiral_squares, layout_gridlike, enter_ziggurat_e,
          minmay_room_of_horrors, basic_altar, pan_entry, hell_entry,
          kennysheep_small_circle, uniq_saint_roka, uniq_asterion
Depths:3: hangedman_elemental_death_ray, layout_cave_pools,
          abyss_entry_flame_altar, pf_dread_powers_of_hell, serial_shops,
          nicolae_shop_temple_entry_statues_fountains,
          nicolae_tso_swordbearing_angel, infiniplex_staircase_pillars_2,
          uniq_boris
Depths:4: evilmike_zot_entry_gauntlet, layout_basic, hellmouth_3, abyss_entry,
          due_unseen_surprise, serial_bayou_shore_b, uniq_margery,
          uniq_enchantress
Hell
Dis:1:    layout_regular_city, lemuel_dis_dragons
Dis:2:    layout_subdivisions
Dis:3:    layout_subdivisions, hangedman_dis_decor_tower
Dis:4:    hangedman_dis_decor_blocks_talon, layout_gridville
Dis:5:    layout_gridville
Dis:6:    layout_jigsaw, serial_glass, glass_columns_a, glass_columns_b,
          glass_columns_b, glass_columns_a, glass_columns_b, glass_columns_b,
          glass_columns_b, glass_columns_b
Dis:7:    iron_city_of_dis [dis_old, dis_wall_6], layout_gridville,
          nicolae_dis_fourth_circle
Geh:1:    layout_gehenna_lava_caves
Geh:2:    layout_gehenna_pools_box
Geh:3:    layout_gehenna_lava_caves
Geh:4:    layout_gehenna_pools_box
Geh:5:    layout_gehenna_lava_caves, gehenna_fire_generator
Geh:6:    layout_gehenna_pools_basic
Geh:7:    geh_grunt_pentagon
Coc:1:    layout_cocytus_water_paths
Coc:2:    nicolae_coc_icebeans_plural [nicolae_sub_coc_subbean,
          nicolae_sub_coc_subbean, nicolae_sub_coc_subbean,
          nicolae_sub_coc_subbean], layout_cocytus_delve
Coc:3:    layout_ice_bergs, nicolae_coc_downstairs_cove
Coc:4:    layout_ice_bergs
Coc:5:    nicolae_coc_city_of_iceburg
Coc:6:    layout_cocytus_delve
Coc:7:    coc_mu
Tar:1:    layout_catacombs
Tar:2:    layout_grid_maze, nicolae_tar_four_comb_rooms
Tar:3:    layout_grid_maze, nicolae_tar_cuneiform_bird, tekkud_tar_snaking_path
Tar:4:    hangedman_tartarus_silent_blood_keep, layout_cathedral_of_symmetry
Tar:5:    layout_grid_maze
Tar:6:    layout_catacombs
Tar:7:    tar_old
Zot:1:    layout_misc_corridors, regret_index_zotdec_wing_it
Zot:2:    kennysheep_spiral_hall, layout_onion_interference,
          regret_index_zotdec_bone_old
Zot:3:    layout_gridville
Zot:4:    layout_misc_corridors, uniq_josephina
Zot:5:    layout_gridlike

Skill      XL: |  1  2  3  4  5  6  7  8  9 10 11 12 13 14 15 16 17 18 19 20 21 22 23 24 25 26 27 |
---------------+----------------------------------------------------------------------------------+-----
Axes           | 4 5 6 7 10 11 13 15 17 19 21 24 26 27 | 27.0
Fighting       | 4 5 7 8 10 11 13 14 16 17 18 21 23 25 27 | 27.0
Armour         | 3 4 5 7 9 10 12 14 16 18 20 22 23 24 27 | 27.0
Shields        | 6 8 9 10 12 14 16 18 20 22 23 24 27 | 27.0
Dodging        | 3 6 7 10 12 15 27 | 27.0
Invocations    | 1 6 11 15 18 27 | 27.0
Evocations     | 27 | 27.0
Spellcasting   | 22 | 22.3

Action                     |  1- 3 |  4- 6 |  7- 9 | 10-12 | 13-15 | 16-18 | 19-21 | 22-24 | 25-27 || total
---------------------------+-------+-------+-------+-------+-------+-------+-------+-------+-------++-------
  Melee: Hand axe          |    81 |   107 |   242 |   259 |       |       |       |       |       ||   689
         Headbutt          |    12 |    24 |    46 |    74 |   202 |   158 |   382 |   400 |  2951 ||  4249
         Unarmed           |       |       |    16 |       |       |       |       |       |    45 ||    61
         War axe           |       |       |       |    66 |       |       |       |       |       ||    66
         Executioner's axe |       |       |       |    20 |       |       |       |       |       ||    20
         Broad axe         |       |       |       |   112 |   906 |   692 |  1266 |  1225 |  7397 || 11598
  Throw: Dart              |       |       |       |     1 |       |       |       |       |       ||     1
   Cast: Blink             |       |       |       |       |       |       |       |       |     1 ||     1
 Invoke: Berserk           |       |     3 |     7 |     9 |    11 |    11 |     5 |     6 |       ||    52
         Trog's Hand       |       |       |     2 |     3 |    11 |     6 |     5 |     2 |       ||    29
         Brothers in Arms  |       |       |       |     1 |     3 |     3 |     2 |       |       ||     9
         Divine Shield     |       |       |       |       |       |       |       |     1 |    22 ||    23
         Brand Weapon With |       |       |       |       |       |       |       |     1 |       ||     1
         Cleansing Flame   |       |       |       |       |       |       |       |       |   188 ||   188
         Summon Divine War |       |       |       |       |       |       |       |       |    18 ||    18
  Evoke: Wand              |       |       |       |     7 |     3 |       |       |    12 |    16 ||    38
         Gell's gravitambo |       |       |       |       |       |       |       |       |     1 ||     1
    Use: Scroll            |       |       |       |     7 |     8 |    20 |    11 |     6 |    76 ||   128
         Potion            |       |       |       |     1 |     3 |     1 |     2 |     7 |    61 ||    75
   Stab: Invisible         |       |       |       |     1 |       |       |       |       |       ||     1
         Petrified         |       |       |       |       |     3 |     3 |       |       |       ||     6
         Distracted        |       |       |       |       |       |       |     2 |       |       ||     2
 Armour: Animal skin       |     3 |       |       |       |       |       |       |       |       ||     3
         Leather armour    |    39 |    61 |   318 |       |       |       |       |       |       ||   418
         Plate armour      |       |       |     2 |       |       |       |       |       |       ||     2
         Scale mail        |       |       |       |   426 |   658 |       |       |       |       ||  1084
         Crystal plate arm |       |       |       |       |   185 |   787 |   802 |   598 |   268 ||  2640
         Chain mail        |       |       |       |       |       |       |       |       |   279 ||   279
         Gold dragon scale |       |       |       |       |       |       |       |       |  3046 ||  3046
         Skin              |       |       |       |       |       |       |       |       |   224 ||   224
  Dodge: Dodged            |    56 |    70 |   107 |   214 |   357 |   195 |   264 |   280 |  2352 ||  3895
  Block: Buckler           |       |       |       |       |   151 |    19 |       |       |       ||   170
         Tower shield      |       |       |       |       |       |   574 |  1148 |  1136 |  8335 || 11193
         Kite shield       |       |       |       |       |       |       |       |       |   308 ||   308

Table legend: (Time is in decaauts)
 A = Elapsed time spent in this place.
 B = Non-inter-level travel time spent in this place.
 C = Inter-level travel time spent in this place.
 D = Time resting spent in this place.
 E = Time spent auto-exploring this place.
 F = Levels seen in this place.
 G = Mean time per level.
                   A        B        C        D        E       F      G
               +--------+--------+--------+--------+--------+-----+--------+
         Total |  95383 |  80430 |  14953 |   6964 |  49355 | 116 |  822.3 |
       Dungeon |  16551 |  12111 |   4440 |    905 |   8347 |  15 | 1103.4 |
        Temple |      1 |      1 |      0 |      0 |      0 |   1 |    1.0 |
          Lair |   5266 |   4336 |    930 |    182 |   3238 |   5 | 1053.2 |
         Swamp |   3553 |   3312 |    241 |    112 |   2389 |   4 |  888.2 |
     Snake Pit |   3566 |   3283 |    283 |    137 |   2243 |   4 |  891.5 |
    Slime Pits |   4851 |   4586 |    265 |    979 |   1571 |   5 |  970.2 |
  Orcish Mines |   1619 |   1282 |    337 |      0 |    961 |   2 |  809.5 |
   Elven Halls |   3905 |   3372 |    533 |    117 |   2294 |   3 | 1301.7 |
        Vaults |   7376 |   5884 |   1492 |    182 |   4158 |   5 | 1475.2 |
         Crypt |   3681 |   3055 |    626 |    169 |   1923 |   3 | 1227.0 |
          Tomb |   4760 |   3381 |   1379 |    682 |   1611 |   3 | 1586.7 |
        Depths |   7507 |   5059 |   2448 |    851 |   2874 |   4 | 1876.8 |
          Hell |    930 |    580 |    350 |      0 |    340 |   1 |  930.0 |
           Dis |   3372 |   3064 |    308 |    288 |   1854 |   7 |  481.7 |
       Gehenna |   3187 |   2768 |    419 |    154 |   1935 |   7 |  455.3 |
       Cocytus |   4015 |   3765 |    250 |    692 |   1819 |   7 |  573.6 |
      Tartarus |   4687 |   4422 |    265 |    697 |   2318 |   7 |  669.6 |
           Zot |   4946 |   4569 |    377 |    537 |   2605 |   5 |  989.2 |
         Abyss |   1508 |   1508 |      0 |     31 |    708 |   5 |  301.6 |
   Pandemonium |   7903 |   7903 |      0 |    178 |   4920 |  19 |  415.9 |
         Trove |     92 |     92 |      0 |      0 |     71 |   1 |   92.0 |
      Ice Cave |    793 |    793 |      0 |      0 |    503 |   1 |  793.0 |
       Volcano |    428 |    428 |      0 |     66 |    185 |   1 |  428.0 |
    Desolation |    876 |    876 |      0 |      0 |    483 |   1 |  876.0 |
               +--------+--------+--------+--------+--------+-----+--------+

Top non-repeatable levels by time:
  Tomb:1: 3155 daAuts
Depths:4: 2964 daAuts
   Tar:7: 2144 daAuts
Vaults:3: 1901 daAuts
   Dis:7: 1819 daAuts
   Zot:5: 1777 daAuts
    D:15: 1712 daAuts
    D:13: 1673 daAuts
  Lair:5: 1672 daAuts
 Slime:5: 1659 daAuts
Depths:1: 1615 daAuts
   Coc:7: 1614 daAuts
   Geh:7: 1583 daAuts
Depths:2: 1580 daAuts
    D:14: 1510 daAuts
